 Dungeon Crawl Stone Soup version 0.30-a0-395-gfe72c296f8 (webtiles) character file.

Game seed: 7362570774998352294

7757274 RepoMan the Slayer (level 27, 287/287 HPs)
             Began as an Armataur Reaver on Nov 30, 2022.
             Was the Champion of Okawaru.
             Escaped with the Orb
             ... and 10 runes on Dec 7, 2022!
             The game lasted 12:49:00 (95764 turns).

RepoMan the Slayer (Armataur Reaver)               Turns: 95764, Time: 12:49:01

Health: 287/287    AC: 51    Str: 36    XL:     27
Magic:  35/35      EV: 13    Int: 24    God:    Okawaru [******]
Gold:   4062       SH: 39    Dex: 24    Spells: 9/43 levels left

rFire   + + .      SeeInvis +    d - +9 eveningstar (spect)
rCold   + + +      Faith    .    Z - +8 tower shield {rC+}
rNeg    + + .      Spirit   .    J - +10 plate armour of the New World {Int+4 SInv}
rPois   +          Reflect  +    p - +1 hat "Uskacs" {rElec rCorr}
rElec   +          Harm     .    D - scarf {rC+ rF+}
rCorr   +          Roll     +    t - +2 pair of gloves {hurl}
Will    +++..                    v - +10 Black Knight's barding {ponderous, rPois rN+}
Stlth   ..........               u - amulet of Byrir {Reflect Will+ Int+4 SH+5}
HPRegen 0.67/turn                C - ring of Sif Muna's Whim {rF+ Int+4 Dex+10}
MPRegen 0.24/turn                W - ring "Hud Caj" {rC+ rN+ Str+7 Dex+3}

@: hasted, studying 2 skills, very quick
A: large, rugged brown scales 3, deformed body, armoured tail, roll, long
tongue, awkward tongue, stinger 2, deterioration 1, dopey 1, evolution 1
0: Orb of Zot
}: 10/15 runes: decaying, slimy, silver, abyssal, demonic, glowing, magical,
fiery, dark, gossamer
a: Renounce Religion, Heroism, Finesse, Duel


You escaped.
You worshipped Okawaru.
Okawaru was exalted by your worship.
You visited 11 branches of the dungeon, and saw 55 of its levels.
You visited Pandemonium 4 times, and saw 17 of its levels.
You visited the Abyss 3 times.
You visited 1 bazaar.
You visited 1 ziggurat, and saw 7 of its levels.
You also visited: Trove, Gauntlet and Ice Cave.

You collected 11863 gold pieces.
You spent 7801 gold pieces at shops.

Inventory:

Hand Weapons
 a - a +7 antimagic demon whip
 d - a +9 spectral eveningstar (weapon)
Missiles
 L - 4 boomerangs
 R - 22 silver javelins (quivered)
 T - a throwing net
 X - 13 curare-tipped darts
Armour
 e - the +3 barding "Peugif Bimp" {rElec Will+}
   (You found it in a treasure trove)

   rElec:     It insulates you from electricity.
   Will:      It increases your willpower.
 p - the +1 hat "Uskacs" (worn) {rElec rCorr}
   (You found it in a treasure trove)

   rElec:     It insulates you from electricity.
   rCorr:     It protects you from acid and corrosion.
 q - the +1 pair of gloves "Fikhoyr" {+Blink rElec rF+}
   (You found it in a treasure trove)

   rF:        It protects you from fire.
   rElec:     It insulates you from electricity.
   +Blink:    It lets you blink.
 t - a +2 pair of gloves of hurling (worn)
 v - the +10 Black Knight's barding (worn) {ponderous, rPois rN+}
   (You found it in a treasure trove)

   rPois:     It protects you from poison.
   rN:        It protects you from negative energy.
 D - a scarf of resistance (worn)
 J - the +10 plate armour of the New World (worn) {Int+4 SInv}
   (Okawaru gifted it to you on level 4 of the Spider Nest)

   Int:       It affects your intelligence (+4).
   SInv:      It lets you see invisible.
 N - the +1 pair of gloves of Fasap {Rampage +Inv rN++ Dex+4}
   (You found it on level 2 of the Vaults)

   Dex:       It affects your dexterity (+4).
   rN:        It greatly protects you from negative energy.
   +Inv:      It lets you turn invisible.
   Rampage:   It bestows one free step when moving towards enemies.
 Z - a +8 tower shield of cold resistance (worn)
Jewellery
 f - a ring of flight
 g - the ring of the Oracle {rElec rC+ rN++ SInv Stlth-}
   (You bought it in a shop on level 11 of the Dungeon)

   [ring of see invisible]

   rC:        It protects you from cold.
   rElec:     It insulates you from electricity.
   rN:        It greatly protects you from negative energy.
   SInv:      It lets you see invisible.
   Stlth:     It makes you less stealthy.
 h - a ring of willpower
 j - the ring "Bynenub" {rElec rC++ rCorr}
   (You found it on level 7 of a ziggurat)

   [ring of resist corrosion]

   rC:        It greatly protects you from cold.
   rElec:     It insulates you from electricity.
   rCorr:     It protects you from acid and corrosion.
 u - the amulet of Byrir (around neck) {Reflect Will+ Int+4 SH+5}
   (You found it on level 4 of the Swamp)

   [amulet of reflection]

   It reflects blocked missile attacks.
   Int:       It affects your intelligence (+4).
   SH:        It affects your SH (+5).
   Will:      It increases your willpower.
 z - the amulet of the Will of the Gods {RegenMP Fly SInv}
   (You found it on level 4 of the Realm of Zot)

   [amulet of magic regeneration]

   It increases your rate of magic regeneration.
   SInv:      It lets you see invisible.
   Fly:       It grants you flight.
 C - the ring of Sif Muna's Whim (left hand) {rF+ Int+4 Dex+10}
   (You found it on level 3 of the Depths)

   [ring of protection from fire]

   Int:       It affects your intelligence (+4).
   Dex:       It affects your dexterity (+10).
   rF:        It protects you from fire.
 W - the ring "Hud Caj" (right hand) {rC+ rN+ Str+7 Dex+3}
   (You found it on level 5 of the Vaults)

   [ring of protection from cold]

   Str:       It affects your strength (+7).
   Dex:       It affects your dexterity (+3).
   rC:        It protects you from cold.
   rN:        It protects you from negative energy.
Wands
 A - a wand of acid (12)
 S - a wand of digging (3)
Scrolls
 m - 2 scrolls of immolation
 n - 5 scrolls of enchant armour
 s - 3 scrolls of fear
 w - 4 scrolls of poison
 y - 18 scrolls of teleportation
 E - 10 scrolls of fog
 K - 2 scrolls of brand weapon
 P - 3 scrolls of silence
 U - 3 scrolls of magic mapping
Potions
 b - a potion of haste
 c - 7 potions of resistance
 k - 18 potions of lignification
 o - 5 potions of berserk rage
 r - 5 potions of brilliance
 x - 14 potions of mutation
 F - 7 potions of flight
 H - 9 potions of might
 I - 8 potions of curing
 M - 2 potions of heal wounds
 Q - a potion of ambrosia
 V - 3 potions of cancellation
 Y - 11 potions of magic
Miscellaneous
 l - a condenser vane
 O - a phial of floods


   Skills:
 * Level 26.1 Fighting
 + Level 22.4 Maces & Flails
 + Level 22.0 Throwing
 - Level 23.3 Armour
 + Level 12.0 Dodging
 - Level 23.3 Shields
 + Level 8.7 Spellcasting
 - Level 3.3 Conjurations
 + Level 19.2 Translocations
 - Level 6.6 Transmutations
 - Level 3.3 Air Magic
 + Level 16.1 Invocations


You had 9 spell levels left.
You knew the following spells:

 Your Spells              Type           Power      Damage    Failure   Level
a - Manifold Assault      Tloc           80%        N/A       1%          4
b - Blink                 Tloc           100%       N/A       0%          2
c - Passage of Golubria   Tloc           80%        N/A       1%          4
d - Dispersal             Tloc           40%        N/A       1%          6
g - Apportation           Tloc           100%       N/A       0%          1
l - Lesser Beckoning      Tloc           100%       N/A       1%          3
p - Portal Projectile     Hex/Tloc       100%       N/A       1%          3
s - Momentum Strike       Conj/Tloc      100%       3d10      1%          2
v - Vhi's Electric Charg  Tloc/Air       100%       N/A       1%          3
w - Wereblood             Tmut           42%        N/A       2%          2
G - Gell's Gravitas       Tloc           80%        N/A       1%          3
K - Kiss of Death         Conj/Necr      72%        2d10      12%         1

Your spell library contained the following spells:

 Spells                   Type           Power      Damage    Failure   Level
 Beastly Appendage        Tmut           84%        N/A       1%          1
 Teleport Other           Tloc           80%        N/A       1%          3
 Iskenderun's Mystic Bla  Conj/Tloc      59%        2d12      2%          4
 Kindle Blastsparks       Fire/Tloc/Air  92%        2d17      3%          3
 Magic Dart               Conj           100%       1d8       6%          1
 Shock                    Conj/Air       100%       1d9       6%          1
 Sting                    Tmut/Pois      100%       1d8       6%          1
 Searing Ray              Conj           52%        2d6       9%          2
 Static Discharge         Conj/Air       52%        2-5/arc   9%          2
 Foxfire                  Conj/Fire      72%        2x1d7     12%         1
 Poisonous Vapours        Pois/Air       36%        N/A       19%         2
 Spider Form              Tmut/Pois      26%        N/A       19%         3
 Swiftness                Air            26%        N/A       19%         3
 Freeze                   Ice            40%        1d6       22%         1
 Necrotise                Necr           40%        1d6       22%         1
 Slow                     Hex            40%        N/A       22%         1
 Cigotuvi's Dreadful Rot  Necr/Pois/Air  30%        N/A       22%         2
 Ignite Poison            Fire/Tmut/Pois 21%        N/A       28%         3
 Mephitic Cloud           Conj/Pois/Air  21%        N/A       28%         3
 Scorch                   Fire           20%        2d6       34%         2
 Dazzling Flash           Conj/Hex       36%        N/A       34%         3
 Hailstorm                Conj/Ice       18%        3d6       34%         3
 Stone Arrow              Conj/Erth      36%        3d9       34%         3
 Blade Hands              Tmut           21%        N/A       38%         5
 Airstrike                Air            13%        2d(2-18)  52%         4
 Ice Form                 Ice/Tmut       26%        N/A       52%         4
 Petrify                  Tmut/Erth      26%        N/A       52%         4
 Confusing Touch          Hex            10%        N/A       56%         3
 Frozen Ramparts          Ice            20%        1d4       56%         3
 Inner Flame              Hex/Fire       10%        N/A       56%         3
 Ozocubu's Armour         Ice            10%        N/A       56%         3
 Vampiric Draining        Necr           10%        2d6       56%         3
 Irradiate                Conj/Tmut      17%        3d17      63%         5
 Flame Wave               Conj/Fire      18%        2d7       75%         4
 Fulminant Prism          Conj/Hex       9%         3d7       75%         4
 Sticky Flame             Conj/Fire      18%        2d4       75%         4
 Alistair's Intoxication  Tmut/Pois      17%        N/A       86%         5
 Arcjolt                  Conj/Air       13%        1d23      86%         5
 Iskenderun's Battlesphe  Conj           26%        2d8       86%         5
 Lightning Bolt           Conj/Air       13%        1d26      86%         5
 Yara's Violent Unravell  Hex/Tmut       13%        3d7       86%         5
 Anguish                  Hex/Necr       5%         N/A       92%         4
 Dispel Undead            Necr           10%        3d9       92%         4
 Leda's Liquefaction      Hex/Erth       5%         N/A       92%         4
 Olgreb's Toxic Radiance  Pois           10%        N/A       92%         4
 Fireball                 Conj/Fire      9%         3d6       97%         5
 Silence                  Hex/Air        9%         N/A       97%         5
 Agony                    Necr           10%        N/A       99%         5
 Borgnjor's Vile Clutch   Necr/Erth      5%         N/A       99%         5
 Lee's Rapid Deconstruct  Erth           5%         3d6*      99%         5
 Metabolic Englaciation   Hex/Ice        5%         N/A       99%         5
 Conjure Ball Lightning   Conj/Air       13%        3x3d6     100%        6
 Eringya's Noxious Bog    Tmut/Pois      13%        N/A       100%        6
 Iron Shot                Conj/Erth      9%         9d3       100%        6
 Starburst                Conj/Fire      9%         6d5       100%        6
 Statue Form              Tmut/Erth      17%        N/A       100%        6
 Dragon Form              Tmut           21%        N/A       100%        7
 Enfeeble                 Hex            5%         N/A       100%        7
 Orb of Destruction       Conj           13%        9d7       100%        7
 Ozocubu's Refrigeration  Ice            5%         4d8       100%        7
 Storm Form               Tmut/Air       17%        N/A       100%        7
 Borgnjor's Revivificati  Necr           5%         N/A       100%        8
 Ignition                 Fire           5%         3d4       100%        8
 Maxwell's Capacitive Co  Air            13%        ∞         100%        8
 Necromutation            Tmut/Necr      13%        N/A       100%        8
 Death's Door             Necr           5%         N/A       100%        9
 Summon Small Mammal      Summ           Unusable   N/A       N/A         1
 Tukima's Dance           Hex            Unusable   N/A       N/A         3
 Summon Lightning Spire   Summ/Air       Unusable   N/A       N/A         4
 Animate Armour           Summ/Erth      Unusable   N/A       N/A         4
 Animate Dead             Necr           Unusable   N/A       N/A         4
 Malign Gateway           Summ/Tloc      Unusable   N/A       N/A         7
 Death Channel            Necr           Unusable   N/A       N/A         6
 Simulacrum               Ice/Necr       Unusable   N/A       N/A         6
 Summon Cactus Giant      Summ           Unusable   N/A       N/A         6
 Spellforged Servitor     Conj/Summ      Unusable   N/A       N/A         7

Dungeon Overview and Level Annotations

Branches:
Dungeon (15/15)            Temple (0/1) D:7            Lair (5/5) D:10
  Swamp (4/4) Lair:3       Spider (4/4) Lair:2        Slime (5/5) Lair:4
    Orc (2/2) D:11            Elf (3/3) Orc:2        Vaults (5/5) D:13
  Crypt (3/3) Vaults:3       Tomb (0/3) Crypt:3      Depths (4/4) D:15
    Zot (5/5) Depths:4      IceCv (visited)         Gauntlet (visited)

Altars:
Cheibriados
Gozag
Kikubaaqudgha
Okawaru
Ru
Trog
Wu Jian
Xom
Jiyva

Shops:
D:5 *   D:9 (   D:11 ::=[   D:13 *   D:14 !   Orc:2 ::*:   Elf:2 *   Elf:3 ?
Vaults:3 **[   Depths:2 =   Depths:4 ==::?

Portals:
Hell: Depths:1 Depths:2 Depths:3 Depths:4
Abyss: Depths:2 Depths:3 Depths:4
Pandemonium: Depths:1 Depths:2 Depths:4

Annotations:
Zot:5 1 runed translucent door, Aqq's ghost, veteran MiFi


Innate Abilities, Weirdness & Mutations

You are completely covered in rugged brown scales. (AC +3, +7% HP)
Armour fits poorly on your strangely shaped body.
You have a long armoured tail.
You roll when moving toward enemies. (Rampage)
Your long tongue fully drains potion bottles. (2x potion effects)
Your tongue gives you trouble enunciating. (1.5x scroll delay)
Your tail ends in a sharp venomous barb.
Your body sometimes deteriorates upon taking damage.
You are dopey. (Int -2)
You have hidden genetic potential.


Message History

You closely miss the Orb Guardian.
The Orb Guardian is severely wounded.
Your +9 spectral eveningstar hits the Orb Guardian!!
You block the Orb Guardian's attack.
You hit the Orb Guardian. You tail-slap the Orb Guardian.
You kill the Orb Guardian!
Okawaru accepts your kill.
Your Throwing skill increases to level 22! 3 hell hounds come into view.
The hell hound barks! x2
There is a stone staircase leading up here.
The hell hound breathes flames at you.
The blast of flame hits you but does no damage.
You block the hell hound's attack. x2
You climb upwards.
There is a stone staircase leading down here.
You impale the hell hound!!
You kill the hell hound!
Okawaru accepts your kill.
You slurp down every last drop of the 2 potions of haste!
You feel yourself speed up.
A glowing orange brain comes into view.
You roll towards the glowing orange brain!
You puncture the glowing orange brain!
The glowing orange brain is lightly wounded.
Your +9 spectral eveningstar hits the glowing orange brain!!
You flatten the glowing orange brain like a pancake!!!
You kill the glowing orange brain!
Okawaru accepts your kill. Okawaru grants you throwing weapons!
Something appears at your feet!
Press: ? - help, v - describe, . - travel, g - get item Item here: a boomerang.
The floor.
This square is covered in magical glow.
L - 4 boomerangs (gained 1) Blink to where?
Press: ? - help, Dir - move target As you slowly read the scroll of blinking, it crumbles to dust.
You have escaped!

#######
#.....#
#@...§#
#>....##
#....§.###
######...#
###§# #.##
#..########
##.........
########..


There were no monsters in sight!

Vanquished Creatures
  Cerebov (Arena)
  the Royal Jelly (Slime:5)
  Dissolution (Slime:4)
  Mnoleg (Arena)
  Lom Lobon (Pan)
  Gloorx Vloq (Pan)
  8 dread liches
  5 ancient liches
  Mara (Depths:2)
  11 orbs of fire
  Sojobo (Arena)
  Saint Roka (Depths:2)
  9 Killer Klowns
  Frederick (Depths:2)
  Bai Suzhen (Arena)
  5 curse toes
  8 golden dragons
  2 caustic shrikes (Zig:6)
  Nikola (Arena)
  4 bone dragons
  the Enchantress (Arena)
  2 Tzitzimimeh
  Arachne (Spider:2)
  2 shard shrike zombies
  3 doom hounds (Crypt:3)
  The ghost of Defeg the Bewitcher, an adept DrHs of Ashenzari (Vaults:3)
  4 hellephants
  25 tentacled monstrosities
  2 electric golems (Zot:5)
  9 Brimstone Fiends
  2 Ice Fiends
  Jorgrun (D:15)
  Zenata (Crypt:3)
  A walking crystal tome (Depths:3)
  28 Orb Guardians
  2 Hell Sentinels (Pan)
  Grunn (Crypt:3)
  11 liches
  2 deep elf blademasters
  A walking earthen tome (Depths:3)
  6 quicksilver dragons
  11 titans
  14 acid blobs
  10 death cobs
  An eldritch tentacle (Arena)
  4 pandemonium lords
  3 ancient champions
  Frances (D:13)
  13 sphinxes
  A deep elf master archer (Elf:3)
  3 thorn hunters
  6 tentacled starspawn
  18 Executioners (Pan)
  5 tengu reavers
  20 storm dragons
  Kirke (Lair:5)
  10 shadow dragons
  The ghost of Xeilinoatz the Ogre Mage, a journeyman OgCj of Vehumet (Spider:3)
  A daeva (Depths:2)
  The ghost of Ijustatesigmund the Timeless, an adept DsCj of Cheibriados (Swamp:4)
  13 frost giants
  20 rockslimes
  6 draconian knights
  3 demonspawn warmongers (Pan)
  The ghost of Hipp the Severer, a journeyman NaBe of Trog (D:15)
  4 iron dragons
  A quicksilver elemental (Zig:2)
  4 revenants
  The ghost of martbhell the Severer, a journeyman MiBe of Trog (Orc:2)
  3 draconian scorchers
  6 emperor scorpions
  10 fire giants
  15 azure jellies
  Roxanne (Elf:3)
  27 balrugs
  6 ghost moths
  6 deep elf sorcerers
  Aizul (Arena)
  An angel (Abyss:1)
  10 cacodemons
  6 deep elf elementalists (Elf:3)
  4 draconian shifters
  3 broodmothers
  An orc warlord (D:15)
  9 draconian annihilators
  19 vault wardens
  6 curse skulls
  5 spriggan defenders
  21 stone giants
  2 draconian stormcallers
  20 quicksilver oozes
  7 demonspawn corrupters
  28 very ugly things
  A ghoul (Crypt:2)
  6 war gargoyles
  A caustic shrike skeleton (Abyss:4)
  16 ironbound preservers
  8 reapers
  6 demonspawn blood saints
  An ophan (Abyss:4)
  2 juggernaut skeletons
  6 green draconians
  5 vampire knights
  9 ironbound thunderhulks
  A putrid mouth (Crypt:3)
  3 demonspawn black suns (Pan)
  15 deep elf demonologists
  14 black draconians
  8 lorocyprocas
  A minotaur (Gauntlet)
  6 eleionomae
  5 purple draconians
  8 deep elf annihilators
  Nessos (D:13)
  10 bunyips
  A spectral titan (Crypt:3)
  11 red draconians
  13 white draconians
  4 dire elephants (Vaults:4)
  8 yellow draconians
  3 mummy priests
  6 eidola
  10 deep elf death magi
  4 blizzard demons
  Josephine (D:12)
  3 crystal guardians (Vaults:4)
  An iron golem (Zig:2)
  7 green deaths (Pan)
  A merfolk javelineer (Depths:4)
  12 fire dragons
  2 shambling mangroves (Swamp:4)
  13 ettins
  8 jiangshi
  23 great orbs of eyes
  16 yaktaur captains
  7 deep elf high priests
  6 entropy weavers
  Fannar (D:12)
  The ghost of tensugalgo the Cardsharp, a journeyman KoBr of Nemelex Xobeh (D:11)
  35 vault guards
  A quicksilver dragon skeleton (Pan)
  11 rakshasas
  20 hydras
  7 ogre magi
  3 jorogumos
  12 spriggan air magi
  4 hell beasts (Pan)
  10 ironbound frosthearts
  A radroach (Spider:4)
  2 spriggan skeletons
  9 ice dragons
  4 ghost crabs
  A jorogumo (shapeshifter) (Vaults:4)
  Erica (D:9)
  8 centaur warriors
  2 death knights (Vaults:3)
  20 two-headed ogres
  3 peacekeepers (Vaults:4)
  5 boulder beetles
  6 catoblepae
  A spectral stone giant (Zig:3)
  21 dancing weapons
  A two-headed ogre (shapeshifter) (Abyss:4)
  8 deep troll shamans
  7 alligators
  6 tengu warriors
  A fenstrider witch skeleton (Pan)
  8 death yaks (Lair:5)
  A titan zombie (Vaults:4)
  5 death scarabs (Spider:4)
  7 hell hogs
  An orc high priest (Pan)
  9 vampire magi
  A spectral storm dragon (Crypt:3)
  A death yak (shapeshifter) (Vaults:3)
  6 deep troll earth magi
  Urug (D:13)
  13 thrashing horrors
  62 sun demons
  15 deep elf knights
  8 spriggan berserkers
  21 hell knights
  14 sixfirhies
  18 soul eaters
  7 wretched stars
  5 iron trolls
  4 goliath frogs
  8 skeletal warriors
  A fire crab (Lair:4)
  A goliath frog (shapeshifter) (Vaults:5)
  37 large abominations
  2 sun moths
  An iron giant zombie (Crypt:2)
  28 shadow wraiths
  2 spatial maelstroms
  A titan skeleton (Crypt:3)
  10 pharaoh ants
  7 steelbarb worms
  63 deep trolls
  8 orb spiders
  2 spriggan druids
  8 flayed ghosts
  12 bog bodies
  27 shadow demons (Pan)
  An orange crystal statue (Zot:5)
  12 swamp dragons
  A golden dragon skeleton (Depths:3)
  11 glowing orange brains
  2 obsidian statues
  7 lindwurms
  A shadow dragon zombie (Crypt:3)
  4 orc knights
  Pikel (D:7)
  24 ironbound convokers
  A bunyip skeleton (Crypt:2)
  3 tengu zombies
  10 necromancers
  20 phantasmal warriors
  A spectral wolf spider (Spider:4)
  7 deep elf archers
  A wolf spider zombie (Spider:4)
  14 harpies
  5 oklob plants (Lair:4)
  13 wizards
  28 deep elf pyromancers
  8 orc sorcerers
  32 deep elf zephyrmancers
  A broodmother zombie (Spider:4)
  43 ugly things
  7 shining eyes
  17 wolf spiders
  2 worldbinders
  3 shadow dragon skeletons
  A frost giant zombie (Depths:3)
  5 cyclopes
  4 will-o-the-wisps
  An iron dragon skeleton (Depths:3)
  19 moths of wrath
  16 elephants
  A stone giant zombie (Vaults:1)
  A cyclops (shapeshifter) (Elf:1)
  A manticore (shapeshifter) (Depths:2)
  3 eyes of devastation
  5 manticores
  An apocalypse crab (Abyss:4)
  The ghost of nujazz the Chopper, a novice HOFi of Okawaru (D:5)
  3 black mambas
  23 vault sentinels
  2 ice statues
  An eleionoma skeleton (Crypt:2)
  49 smoke demons
  4 torpor snails
  A cane toad (shapeshifter) (Vaults:5)
  A black draconian zombie (Crypt:3)
  Maggie (D:6)
  An unseen horror (Abyss:4)
  3 centaur skeletons (Pan)
  20 orange demons
  2 rust devils
  A komodo dragon (shapeshifter) (Vaults:5)
  8 cane toads
  2 yaktaur zombies
  A redback zombie (Spider:4)
  2 kobold demonologists
  2 spriggan zombies
  4 spectral redbacks (Spider:4)
  8 efreet
  29 yaktaurs
  8 komodo dragons
  17 demonic crawlers
  A naga skeleton (Crypt:1)
  6 guardian mummies (Crypt:3)
  12 freezing wraiths
  12 tormentors
  A yaktaur skeleton (Vaults:1)
  17 hellwings
  A death yak skeleton (Crypt:3)
  4 hellions
  2 ice devils (Pan)
  A hydra zombie (Crypt:1)
  6 red devils
  7 ancient zymes
  2 tengu simulacra
  3 tengu conjurers
  A catoblepas skeleton (Crypt:2)
  3 polar bears
  3 bloated husks
  A meliai (shapeshifter) (Elf:1)
  4 spectral tarantellas (Spider:4)
  12 hornets
  7 trolls
  3 meliai (D:15)
  Grinder (D:6)
  6 spectral jumping spiders (Spider:4)
  18 blink frogs
  27 tarantellas
  An alligator zombie (Crypt:1)
  A moth of wrath zombie (Crypt:1)
  14 tyrant leeches
  A dream sheep (Zig:6)
  A tarantella (shapeshifter) (Vaults:5)
  A jumping spider zombie (Spider:4)
  85 slime creatures
  17 raiju
  A radroach zombie (Crypt:3)
  2 spectral culicivoras (Spider:4)
  13 flying skulls
  8 air elementals
  An ettin skeleton (Vaults:3)
  11 spriggans
  25 jumping spiders
  16 shadows
  23 culicivoras
  4 wyverns
  16 ynoxinuls
  An elf zombie (Vaults:3)
  14 water elementals
  A centaur simulacrum (Crypt:1)
  A yak (shapeshifter) (Abyss:1)
  6 humans
  17 wraiths
  26 golden eyes
  A hog (Lair:5)
  3 basilisks
  A black mamba skeleton (Pan)
  50 yaks
  3 fire elementals
  An alligator snapping turtle simulacrum (Crypt:1)
  A basilisk (shapeshifter) (Vaults:5)
  4 fire bats (Abyss:4)
  25 neqoxecs
  17 vampire mosquitoes
  3 steam dragons
  16 chaos spawn
  A human simulacrum (Vaults:4)
  12 small abominations
  57 redbacks
  5 spatial vortices
  19 swamp worms
  Edmund (D:6)
  2 human zombies
  A redback (shapeshifter) (Vaults:5)
  11 wargs
  A two-headed ogre zombie (Crypt:1)
  An acid dragon (D:11)
  11 floating eyes
  A hell hound (D:1)
  12 water moccasins
  2 ice beasts
  12 swamp drakes
  26 orc warriors
  15 ogres
  27 starcursed masses
  2 sky beasts
  A black bear (D:5)
  2 great orb of eyes simulacra (IceCv)
  2 tengu (Abyss:4)
  8 wolves
  10 centaurs
  2 phantoms (D:5)
  4 slime creature simulacra (IceCv)
  A snapping turtle skeleton (Crypt:3)
  5 kobold brigands
  10 bullfrogs
  2 gnoll sergeants
  2 draconian skeletons
  2 earth elementals
  2 glowing shapeshifter simulacra (IceCv)
  A komodo dragon skeleton (Crypt:2)
  4 scorpions (D:5)
  A wyvern skeleton (Crypt:2)
  3 wights (Abyss:3)
  A cyclops skeleton (Crypt:1)
  A troll zombie (Crypt:3)
  27 killer bees
  2 raiju skeletons (Crypt:1)
  An electric eel (D:10)
  6 howler monkeys
  6 crimson imps
  5 quasits
  6 hounds
  2 gnoll boudas
  11 orc priests
  An iron imp (Abyss:3)
  7 iguanas
  A basilisk skeleton (Crypt:3)
  39 orc wizards
  A hell rat (Zig:6)
  An acid dragon zombie (Crypt:1)
  13 gnolls
  6 adders
  A shadow imp (Abyss:1)
  3 ufetubi
  5 dart slugs
  96 orcs
  9 ball pythons
  6 bats
  A bat zombie (Crypt:3)
  9 endoplasms
  4 giant cockroaches
  4 hobgoblins
  8 jackals
  28 kobolds
  2 quokkas (D:2)
  7 frilled lizards
  6 goblins
  An orc zombie (Crypt:2)
  5 rats
  A rat skeleton (Crypt:2)
  A fire vortex (Depths:3)
  A lurking horror (Abyss:4)
  2 starspawn tentacles
3237 creatures vanquished.

Vanquished Creatures (others)
  A ghost moth (Zot:2)
  A two-headed ogre (D:9)
  2 spriggans
  A swamp dragon (Swamp:1)
  A goliath frog (Swamp:1)
  An orb spider (Spider:4)
  A wizard (Vaults:3)
  A deep elf zephyrmancer (Elf:3)
  A deep elf pyromancer (D:14)
  A rust devil (D:10)
  A yaktaur (Vaults:2)
  2 bloated husks (Swamp:2)
  2 hornets
  2 tyrant leeches (Spider:2)
  A blink frog (Lair:1)
  A jumping spider (Spider:2)
  A flying skull (Abyss:4)
  A water elemental (Elf:2)
  A basilisk (Lair:4)
  A fire elemental (Elf:2)
  A swamp worm (Swamp:2)
  An ice beast (D:5)
  A necrophage (D:6)
  A jelly (D:4)
  An iguana (D:5)
  4 orc wizards
  3 gnolls
  2 adders
  3 orcs (D:7)
  9 ball lightnings (Pan)
  10 demonic plants
  10 foxfires
  17 fungi
  52 plants
  8 starspawn tentacles
  5 toadstools (Swamp:1)
  A withered plant (D:15)
153 creatures vanquished.

Grand Total: 3390 creatures vanquished

Notes
Turn   | Place    | Note
-------+----------+-------------------------------------------
     0 | D:1      | RepoMan the Armataur Reaver began the quest for the Orb.
     0 | D:1      | Reached XP level 1. HP: 18/18 MP: 3/3
   199 | D:1      | Reached XP level 2. HP: 19/25 MP: 4/4
   526 | D:1      | Got the Discourse on the Grave and the Figure
   535 | D:1      | Learned a level 2 spell: Momentum Strike
   582 | D:1      | Reached XP level 3. HP: 26/31 MP: 5/5
  1801 | D:3      | Reached XP level 4. HP: 38/38 MP: 6/6
  2928 | D:4      | Noticed a sky beast
  2993 | D:3      | Reached skill level 2 in Fighting
  3047 | D:3      | Reached skill level 1 in Translocations
  3047 | D:3      | Reached XP level 5. HP: 30/41 MP: 7/7
  3536 | D:4      | Reached skill level 5 in Maces & Flails
  3646 | D:4      | Killed a sky beast
  3647 | D:4      | Reached XP level 6. HP: 47/49 MP: 4/8
  4041 | D:5      | Entered Level 5 of the Dungeon
  4130 | D:5      | Reached skill level 3 in Fighting
  4351 | D:5      | You fall into a shaft and drop 3 floors!
  4357 | D:8      | Noticed an ice statue
  4358 | D:8      | Noticed an ice beast
  4385 | D:8      | Noticed a wyvern
  4388 | D:8      | Killed a wyvern
  4389 | D:8      | Reached XP level 7. HP: 14/60 MP: 9/9
  4650 | D:8      | Noticed a two-headed ogre
  4951 | D:6      | Noticed Maggie
  4951 | D:6      | Noticed Grinder
  5084 | D:5      | Found an iron altar of Okawaru.
  5095 | D:5      | Learned a level 3 spell: Vhi's Electric Charge
  5096 | D:5      | Became a worshipper of Warmaster Okawaru
  5149 | D:5      | Found Huhunt's Lightly-Used Armoury.
  5193 | D:5      | Reached skill level 4 in Fighting
  5246 | D:5      | Reached XP level 8. HP: 56/63 MP: 10/10
  5315 | D:5      | Reached * piety under Okawaru
  5562 | D:5      | Found a runed translucent gate.
  5563 | D:5      | Found a runed translucent gate.
  5563 | D:5      | Found a runed translucent gate.
  5564 | D:5      | Noticed nujazz's ghost (novice HOFi)
  5993 | D:6      | Noticed Edmund
  6024 | D:7      | Noticed Pikel
  6046 | D:7      | Reached skill level 1 in Shields
  6063 | D:7      | Killed Pikel
  6088 | D:7      | Reached ** piety under Okawaru
  6158 | D:7      | Reached skill level 5 in Translocations
  6340 | D:7      | Reached XP level 9. HP: 56/77 MP: 11/11
  6370 | D:6      | Killed Edmund
  6582 | D:7      | Found a staircase to the Ecumenical Temple.
  8094 | D:8      | Killed a two-headed ogre
  8094 | D:8      | Reached *** piety under Okawaru
  8095 | D:8      | Reached skill level 1 in Air Magic
  8266 | D:8      | Learned a level 3 spell: Lesser Beckoning
  8270 | D:8      | Learned a level 3 spell: Gell's Gravitas
  8952 | D:9      | Found a transporter.
  9494 | D:9      | Noticed a two-headed ogre
  9500 | D:9      | Killed a two-headed ogre
  9501 | D:9      | Reached XP level 10. HP: 82/85 MP: 10/13
  9639 | D:9      | Reached **** piety under Okawaru
  9640 | D:9      | Noticed a two-headed ogre
  9647 | D:9      | Killed a two-headed ogre
  9825 | D:9      | Found Xyvaalis's Weapon Shoppe.
  9952 | D:9      | Noticed Erica
  9966 | D:9      | Killed Erica
  9967 | D:9      | Reached skill level 10 in Maces & Flails
  9967 | D:9      | Reached skill level 5 in Invocations
 10094 | D:9      | Found a transporter.
 10151 | D:9      | Reached ***** piety under Okawaru
 10569 | D:10     | Entered Level 10 of the Dungeon
 10572 | D:10     | Noticed a sun demon
 10573 | D:10     | Noticed a rust devil
 11653 | D:11     | Noticed a manticore
 11689 | D:11     | Killed a manticore
 11896 | D:11     | Found Odustrumo's Antique Armour Shop.
 11905 | D:11     | Bought an ichor-stained robe for 216 gold pieces
 11905 | D:11     | Identified the +0 robe "Qeoxaqiu" {Dex+3} (You bought it in
                  | a shop on level 11 of the Dungeon)
 12197 | D:11     | Found Tewul's Jewellery Shoppe.
 12315 | D:11     | Found a runed translucent door.
 12316 | D:11     | Found a shimmering altar of Xom.
 12316 | D:11     | Noticed tensugalgo's ghost (journeyman KoBr)
 12316 | D:11     | Noticed a +0 rapier of chaos
 12386 | D:11     | Found Suafahi's Book Shop.
 12452 | D:11     | Found Kegion's Book Shoppe.
 12483 | D:11     | Reached XP level 11. HP: 89/90 MP: 15/15
 12511 | D:11     | Reached skill level 5 in Shields
 12798 | D:11     | Found a staircase to the Orcish Mines.
 12981 | D:12     | Noticed Fannar
 13052 | Orc:1    | Entered Level 1 of the Orcish Mines
 13052 | Orc:1    | Noticed an orc knight
 13312 | D:10     | Found a portal to a secret trove of treasure.
 13362 | D:10     | Reached skill level 5 in Fighting
 13426 | D:10     | Found a staircase to the Lair.
 13470 | Lair:1   | Entered Level 1 of the Lair of Beasts
 13604 | Lair:1   | Noticed a catoblepas
 13693 | Lair:1   | Reached skill level 1 in Throwing
 13721 | D:10     | Reached ****** piety under Okawaru
 13721 | D:10     | Identified the +3 barding "Xotaarub" {rCorr MP+9 Str+4
                  | Int-3} (Okawaru gifted it to you on level 10 of the
                  | Dungeon)
 13721 | D:10     | Received a gift from Okawaru
 13969 | Lair:1   | Killed a catoblepas
 14257 | Lair:1   | Identified the +1 robe "Vaof" {Int+2 Dex-5 Stlth+}
 14851 | Lair:1   | Reached skill level 1 in Armour
 14963 | Lair:2   | Found a hole to the Spider Nest.
 14994 | Lair:2   | Noticed a catoblepas
 15014 | Lair:2   | Killed a catoblepas
 15184 | Lair:2   | Received a gift from Okawaru
 15185 | Lair:2   | Reached skill level 6 in Fighting
 15291 | Lair:2   | Reached XP level 12. HP: 73/102 MP: 17/17
 15547 | Lair:2   | Received a gift from Okawaru
 16485 | Lair:3   | Identified the +1 long sword of Bankruptcy {speed, rElec
                  | Int+4}
 16637 | Lair:3   | Noticed an eight-headed hydra
 16647 | Lair:3   | Killed an eight-headed hydra
 16723 | Lair:3   | Received a gift from Okawaru
 16908 | Lair:3   | Noticed an eight-headed hydra
 16908 | Lair:3   | Noticed an eight-headed hydra
 16921 | Lair:3   | Killed an eight-headed hydra
 16922 | Lair:3   | Reached skill level 7 in Fighting
 16922 | Lair:3   | Reached skill level 5 in Armour
 16928 | Lair:3   | Killed an eight-headed hydra
 16975 | Lair:3   | Found a staircase to the Swamp.
 17576 | Lair:4   | Received a gift from Okawaru
 17741 | Lair:3   | Reached XP level 13. HP: 101/112 MP: 19/19
 18017 | Lair:4   | Identified the +3 scale mail of Infinity {rCorr} (Okawaru
                  | gifted it to you on level 4 of the Lair of Beasts)
 18017 | Lair:4   | Received a gift from Okawaru
 18054 | Lair:4   | Reached skill level 5 in Throwing
 18177 | Lair:4   | Found a staircase to the Slime Pits.
 18177 | Lair:4   | Found a viscous altar of Jiyva.
 18892 | Lair:5   | Entered Level 5 of the Lair of Beasts
 19341 | Lair:5   | Reached skill level 8 in Fighting
 19428 | Lair:5   | Noticed Kirke
 19458 | Lair:5   | Killed Kirke
 19458 | Lair:5   | Received a gift from Okawaru
 19848 | Lair:5   | Received a gift from Okawaru
 20050 | Lair:5   | Received a gift from Okawaru
 20065 | Lair:5   | Reached XP level 14. HP: 109/124 MP: 21/21
 20201 | Lair:5   | Identified the +5 short sword "Rupruuke" {speed, Contam
                  | rPois rC+++ Stlth-}
 20207 | Lair:5   | Learned a level 1 spell: Apportation
 20719 | Orc:1    | Reached skill level 9 in Fighting
 21102 | Orc:2    | Entered Level 2 of the Orcish Mines
 21543 | Orc:2    | Found a staircase to the Elven Halls.
 21648 | Orc:2    | Found a runed translucent door.
 21648 | Orc:2    | Found a shimmering altar of Xom.
 21648 | Orc:2    | Noticed martbhell's ghost (journeyman MiBe)
 21838 | Orc:2    | Found Hischi's Assorted Antiques.
 21882 | Orc:2    | Found Lizouriv's Book Shoppe.
 21992 | Orc:2    | Found Jehoun's Book Shoppe.
 21992 | Orc:2    | Found Qipare's Book Shop.
 22301 | Orc:2    | Bought a potion of might for 80 gold pieces
 22301 | Orc:2    | Bought a runed buckler for 150 gold pieces
 22301 | Orc:2    | Bought a sharpened gold wand for 80 gold pieces
 22420 | D:11     | Bought the ring of the Oracle {rElec rC+ rN++ SInv Stlth-}
                  | for 586 gold pieces
 22444 | D:11     | Bought an embroidered scarf for 304 gold pieces
 22657 | D:12     | Reached skill level 10 in Invocations
 23154 | D:12     | Noticed Josephine
 23174 | D:12     | Killed Josephine
 23567 | D:12     | Killed Fannar
 23649 | D:13     | Noticed Nessos
 23656 | D:13     | Killed Nessos
 23666 | D:13     | Identified the ring "Teufybre" {Ice Will+ rCorr Str+4}
 23727 | D:13     | Noticed Frances
 23733 | D:13     | Found Huixt's Assorted Antiques.
 23739 | D:13     | Bought a polished leather armour for 168 gold pieces
 23739 | D:13     | Identified the +1 leather armour "Osiyty" {Will+ Str+3
                  | Dex+2 Stlth+} (You bought it in a shop on level 13 of the
                  | Dungeon)
 23913 | D:13     | Identified the +1 robe of the New World {Archmagi}
 23920 | D:13     | Noticed Urug
 23942 | D:13     | Killed Urug
 24038 | D:13     | Killed Frances
 24053 | D:13     | Identified the +6 morningstar "Esma" {venom, rPois rN+
                  | Int-4} (Okawaru gifted it to you on level 13 of the
                  | Dungeon)
 24053 | D:13     | Received a gift from Okawaru
 24269 | D:13     | Found a gate to the Vaults.
 24277 | D:13     | Reached skill level 10 in Fighting
 24684 | D:14     | Paralysed by an ogre mage for 2 turns
 24687 | D:14     | Received a gift from Okawaru
 24693 | D:14     | Reached XP level 15. HP: 104/136 MP: 22/22
 24765 | D:14     | Found a sacrificial altar of Ru.
 24866 | D:14     | Found a shimmering altar of Xom.
 24889 | D:14     | Found a frozen archway.
 24943 | IceCv    | Entered an ice cave
 25179 | IceCv    | Noticed an azure jelly
 25564 | IceCv    | Received a gift from Okawaru
 25978 | D:14     | Received a gift from Okawaru
 26011 | D:14     | Found Tedoesu's Distillery.
 26024 | D:14     | Bought a potion of heal wounds for 65 gold pieces
 26024 | D:14     | Bought a potion of curing for 39 gold pieces
 26024 | D:14     | Bought a potion of lignification for 39 gold pieces
 26024 | D:14     | Bought a potion of invisibility for 104 gold pieces
 26024 | D:14     | Bought a potion of mutation for 104 gold pieces
 26386 | D:15     | Entered Level 15 of the Dungeon
 26412 | D:15     | Identified the +0 barding of the Slightly Bent {Harm rF+
                  | Str+5} (Okawaru gifted it to you on level 15 of the
                  | Dungeon)
 26412 | D:15     | Received a gift from Okawaru
 26470 | D:15     | Found a gate leading to a gauntlet.
 26479 | Gauntlet | Entered a Gauntlet
 26479 | Gauntlet | Found a runed translucent door.
 26479 | Gauntlet | Found a transporter.
 26479 | Gauntlet | Found a transporter.
 26479 | Gauntlet | Found a runed translucent door.
 26479 | Gauntlet | Found a transporter.
 26480 | Gauntlet | Found a transporter.
 26481 | Gauntlet | Found a transporter.
 26484 | Gauntlet | Found a transporter.
 26495 | Gauntlet | Found a transporter.
 26498 | Gauntlet | Found a transporter.
 26500 | Gauntlet | Found a transporter.
 26500 | Gauntlet | Found a transporter.
 26511 | Gauntlet | Found a transporter.
 26511 | Gauntlet | Found a transporter.
 26540 | Gauntlet | Found a runed translucent door.
 26718 | Gauntlet | Identified the amulet of Xom's Wantonness {Reflect +Inv
                  | rPois Dex+7 SH+5}
 26815 | D:15     | Upgraded the game from 0.30-a0-377-g5cb311bc9f to
                  | 0.30-a0-378-g86d51d8b50
 26842 | D:15     | Noticed Jorgrun
 26870 | D:15     | Killed Jorgrun
 26871 | D:15     | Reached skill level 11 in Fighting
 27079 | D:15     | Found a staircase to the Depths.
 27688 | D:15     | Found a transporter.
 27696 | D:15     | Reached skill level 15 in Maces & Flails
 27836 | D:15     | Found a bloodstained altar of Trog.
 27838 | D:15     | Noticed Hipp's ghost (journeyman NaBe)
 27850 | D:15     | Found a transporter.
 27892 | D:15     | Reached skill level 10 in Throwing
 27892 | D:15     | Reached skill level 10 in Shields
 27892 | D:15     | Reached XP level 16. HP: 147/147 MP: 24/24
 27892 | D:15     | Reached XP level 17. HP: 154/154 MP: 25/25
 28110 | Spider:1 | Entered Level 1 of the Spider Nest
 28650 | Spider:1 | Received a gift from Okawaru
 29296 | Spider:1 | Identified the +11 trident of Calculation {flame, rN+
                  | rCorr}
 29554 | Spider:2 | Reached XP level 18. HP: 122/164 MP: 26/26
 29559 | Spider:2 | Noticed Aizul
 29565 | Arena    | Entered the Arena
 29575 | Arena    | Killed Aizul
 30239 | Spider:2 | Noticed Arachne
 30269 | Spider:2 | Killed Arachne
 30348 | Spider:2 | Learned a level 2 spell: Blink
 30353 | Spider:2 | Learned a level 4 spell: Manifold Assault
 30422 | Spider:2 | Reached skill level 12 in Fighting
 30466 | Spider:2 | Identified the +1 pair of gloves of Duty {SInv} (Okawaru
                  | gifted it to you on level 2 of the Spider Nest)
 30466 | Spider:2 | Received a gift from Okawaru
 32412 | Spider:3 | Found a runed translucent gate.
 32413 | Spider:3 | Found a runed translucent gate.
 32414 | Spider:3 | Found a runed translucent gate.
 32417 | Spider:3 | Noticed Xeilinoatz's ghost (journeyman OgCj)
 32447 | Spider:3 | Paralysed by a Zot trap for 5 turns
 32814 | Spider:3 | Killed Xeilinoatz's ghost
 33092 | Spider:3 | Identified the -1 barding "Giohay Caisk" {Int+4}
 33180 | Spider:4 | Entered Level 4 of the Spider Nest
 34352 | Spider:4 | Identified the +10 plate armour of the New World {Int+4
                  | SInv} (Okawaru gifted it to you on level 4 of the Spider
                  | Nest)
 34352 | Spider:4 | Received a gift from Okawaru
 34703 | Spider:4 | Reached skill level 10 in Translocations
 36230 | Spider:4 | Reached XP level 19. HP: 171/171 MP: 27/27
 36258 | Spider:4 | Got a gossamer rune of Zot
 36531 | Swamp:1  | Entered Level 1 of the Swamp
 36660 | Swamp:1  | Upgraded the game from 0.30-a0-378-g86d51d8b50 to
                  | 0.30-a0-385-gfebfb9b408
 36875 | Swamp:1  | Reached skill level 10 in Armour
 37160 | Swamp:1  | Found an ancient bone altar of Kikubaaqudgha.
 37655 | Swamp:2  | Received a gift from Okawaru
 37909 | Swamp:2  | Reached skill level 15 in Shields
 39814 | Swamp:4  | Entered Level 4 of the Swamp
 40184 | Swamp:4  | Received a gift from Okawaru
 40401 | Swamp:4  | Identified the amulet of Byrir {Reflect Will+ Int+4 SH+5}
 40423 | Swamp:4  | Found a large runed translucent door.
 40424 | Swamp:4  | Found a large runed translucent door.
 40427 | Swamp:4  | Noticed Ijustatesigmund's ghost (adept DsCj)
 40546 | Swamp:4  | Identified the +10 mace of Ficum {venom, rC+ Will+ Dex+2}
                  | (Okawaru gifted it to you on level 4 of the Swamp)
 40546 | Swamp:4  | Received a gift from Okawaru
 40936 | Swamp:4  | Got a decaying rune of Zot
 41161 | Swamp:4  | Killed Ijustatesigmund's ghost
 41661 | Elf:1    | Entered Level 1 of the Elven Halls
 41664 | Elf:1    | Paralysed by an air elemental for 1 turns
 41674 | Elf:1    | Paralysed by an air elemental for 1 turns
 41896 | Elf:1    | Reached skill level 13 in Fighting
 42109 | Elf:1    | Received a gift from Okawaru
 42186 | Elf:1    | Reached XP level 20. HP: 165/182 MP: 26/28
 42308 | Elf:1    | Got the Quarto of Amassed Conjury
 42316 | Elf:1    | Learned a level 4 spell: Passage of Golubria
 42697 | Elf:2    | Found Yjudgher's General Store.
 42706 | Elf:2    | Bought a potion of curing for 54 gold pieces
 42706 | Elf:2    | Bought a potion of resistance for 180 gold pieces
 42706 | Elf:2    | Bought a scroll of fear for 72 gold pieces
 42706 | Elf:2    | Bought 2 scrolls of enchant weapon for 270 gold pieces
 42754 | Elf:2    | Paralysed by an air elemental for 1 turns
 42924 | Elf:2    | Found a huge runed translucent gate.
 42924 | Elf:2    | Found a huge runed translucent gate.
 42924 | Elf:2    | Found a huge runed translucent gate.
 42924 | Elf:2    | Found a huge runed translucent gate.
 42927 | Elf:2    | Found a huge runed translucent gate.
 43069 | Elf:2    | Received a gift from Okawaru
 44273 | Elf:3    | Entered Level 3 of the Elven Halls
 44563 | Elf:3    | Received a gift from Okawaru
 44711 | Elf:3    | Identified the +0 robe "Piateps" {rPois Str+3}
 44716 | Elf:3    | Identified the +6 halberd of Chance {freeze, rElec rC-
                  | Str+4}
 44743 | Elf:3    | Received a gift from Okawaru
 45749 | Elf:3    | Noticed Roxanne
 45766 | Elf:3    | Killed Roxanne
 45941 | Elf:3    | Found Modankon's Magic Scroll Shop.
 45945 | Elf:3    | Bought a scroll of fog for 68 gold pieces
 45945 | Elf:3    | Bought a scroll of teleportation for 51 gold pieces
 45945 | Elf:3    | Bought a scroll of teleportation for 51 gold pieces
 45945 | Elf:3    | Bought a scroll of enchant weapon for 127 gold pieces
 45945 | Elf:3    | Bought a scroll of teleportation for 51 gold pieces
 45945 | Elf:3    | Bought a scroll of teleportation for 51 gold pieces
 46394 | Elf:3    | Identified the +5 dagger of the Sneaky Scars {vorpal, rElec
                  | rF+ Int-3}
 46781 | Vaults:1 | Entered Level 1 of the Vaults
 46788 | Vaults:1 | Upgraded the game from 0.30-a0-385-gfebfb9b408 to
                  | 0.30-a0-394-g3e4acdb0ae
 47375 | Vaults:1 | Received a gift from Okawaru
 47466 | Vaults:1 | Received a gift from Okawaru
 47468 | Vaults:1 | Reached XP level 21. HP: 140/190 MP: 22/29
 47857 | Vaults:1 | Received a gift from Okawaru
 48381 | Arena    | Entered the Arena
 48919 | Vaults:2 | Identified the +1 pair of gloves "Latwana" {Int+4 Stlth+}
                  | (Okawaru gifted it to you on level 2 of the Vaults)
 48919 | Vaults:2 | Received a gift from Okawaru
 49113 | Vaults:2 | Reached skill level 15 in Translocations
 49346 | Vaults:2 | Identified the +1 pair of gloves of Fasap {Rampage +Inv
                  | rN++ Dex+4}
 49778 | Vaults:2 | Got the Quarto of the Compass and Metamorphosis
 49992 | Vaults:2 | You fall into a shaft and drop 1 floor!
 50157 | Vaults:3 | Received a gift from Okawaru
 50256 | Vaults:3 | Received a gift from Okawaru
 50813 | Vaults:3 | Found a runed translucent gate.
 50813 | Vaults:3 | Found an opulent altar of Gozag.
 50813 | Vaults:3 | Found a runed translucent gate.
 50813 | Vaults:3 | Found Xeixunak's Assorted Antiques.
 50814 | Vaults:3 | Found a runed translucent gate.
 50814 | Vaults:3 | Noticed Defeg's ghost (adept DrHs)
 50814 | Vaults:3 | Noticed an ancient lich
 50962 | Vaults:3 | Found a staircase to the Crypt.
 51048 | Vaults:3 | Identified the +6 scimitar of Premature Burial {venom,
                  | Dex+3}
 51359 | Vaults:3 | Found Nanwoxeo's Armour Shoppe.
 51367 | Vaults:3 | Received a gift from Okawaru
 51368 | Vaults:3 | Reached XP level 22. HP: 193/197 MP: 30/30
 51477 | Vaults:3 | Received a gift from Okawaru
 51670 | Vaults:3 | Found Xinolot's General Store.
 52127 | Vaults:4 | Found a flickering gateway to a bazaar.
 52223 | Vaults:4 | Received a gift from Okawaru
 52281 | Vaults:4 | Reached skill level 15 in Armour
 52417 | Bazaar   | Entered a bazaar
 52436 | Bazaar   | Found Ukydezak's Antique Armour Emporium.
 52458 | Bazaar   | Found Mielonid's Book Shoppe.
 52490 | Bazaar   | Found Ikerouss's Antique Weapon Shoppe.
 52501 | Bazaar   | Found Ladwyj's Armour Emporium.
 52512 | Bazaar   | Found Bamohave's Antique Armour Emporium.
 52560 | Bazaar   | Bought a manual of Maces & Flails for 1440 gold pieces
 52901 | Vaults:4 | Received a gift from Okawaru
 53900 | Vaults:4 | Identified the +1 plate armour "Coipeoge" {Str-2 Int+6}
 54256 | Crypt:1  | Entered Level 1 of the Crypt
 55093 | Crypt:1  | Noticed Sojobo
 55098 | Arena    | Entered the Arena
 55112 | Arena    | Killed Sojobo
 55542 | Crypt:1  | Identified the +3 scimitar "Ilurex" {drain, *Slow +Blink
                  | Will++ Str+3}
 55832 | Crypt:1  | Received a gift from Okawaru
 56165 | Crypt:2  | Received a gift from Okawaru
 56251 | Crypt:2  | Identified the +3 battleaxe of the Sky {vorpal, *Slow
                  | Will+++ Str-5 Int+8}
 56386 | Crypt:2  | Reached skill level 14 in Fighting
 57316 | Crypt:2  | Learned a level 2 spell: Wereblood
 57352 | Crypt:3  | Entered Level 3 of the Crypt
 57438 | Crypt:3  | Reached XP level 23. HP: 187/208 MP: 29/31
 57479 | Crypt:3  | Received a gift from Okawaru
 57938 | Crypt:3  | Found a staircase to the Tomb.
 57993 | Crypt:3  | Noticed Zenata
 58015 | Crypt:3  | Killed Zenata
 58093 | Crypt:3  | Noticed Grunn
 58105 | Crypt:3  | Killed Grunn
 58198 | Arena    | Entered the Arena
 59061 | Crypt:3  | Found an ancient bone altar of Kikubaaqudgha.
 59130 | Crypt:3  | Identified the +1 kite shield of the Smoking Gods {rN++
                  | Will+ Str+3 Dex-5} (Okawaru gifted it to you on level 3 of
                  | the Crypt)
 59130 | Crypt:3  | Received a gift from Okawaru
 59349 | Crypt:3  | Found the +7 great mace "Undeadhunter" {disrupt, rN+}
 59383 | Crypt:3  | Identified the +0 scale mail of Valour {rC- Dex+4}
 59397 | Crypt:3  | Identified the ring "Moulot" {*Corrode rF+ rN+ Int+3}
 59397 | Crypt:3  | Identified the ring "Mimawy" {rElec rC++ rN+ MP+9 Slay-6}
 59605 | Crypt:3  | Learned a level 3 spell: Portal Projectile
 60603 | D:5      | Killed nujazz's ghost
 60665 | D:6      | Killed Maggie
 60670 | D:6      | Killed Grinder
 61526 | D:11     | Killed tensugalgo's ghost
 61685 | D:15     | Killed Hipp's ghost
 61686 | D:15     | Reached skill level 15 in Fighting
 61918 | Orc:2    | Killed martbhell's ghost
 61920 | Orc:2    | Identified the +8 great mace "Diwkip" {freeze, Fly rF+}
 61962 | Orc:2    | Bought a manual of Throwing for 1200 gold pieces
 62129 | D:14     | Bought a potion of resistance for 130 gold pieces
 62187 | Depths:1 | Entered Level 1 of the Depths
 62707 | Depths:1 | Found a gateway to Hell.
 63106 | Depths:1 | Received a gift from Okawaru
 63262 | Depths:1 | Found a shimmering altar of Xom.
 63420 | Depths:1 | Found a one-way gate leading to the halls of Pandemonium.
 63600 | Depths:2 | Reached skill level 15 in Throwing
 63750 | Depths:2 | Noticed Mara
 63753 | Depths:2 | Identified the ring of Acesan {rC+ rCorr Str+3 Slay+3
                  | Stlth+}
 63753 | Depths:2 | Noticed Nikola
 63754 | Arena    | Entered the Arena
 63765 | Arena    | Killed Nikola
 63794 | Depths:2 | Noticed RepoMan's illusion
 63803 | Depths:2 | Killed Mara
 63804 | Depths:2 | Reached XP level 24. HP: 176/224 MP: 25/31
 63832 | Depths:2 | Noticed Saint Roka
 63860 | Depths:2 | Killed Saint Roka
 63940 | Depths:2 | Reached skill level 16 in Fighting
 64114 | Depths:2 | Noticed the Enchantress
 64168 | Depths:2 | Found Vecwofum's Jewellery Boutique.
 64390 | Arena    | Entered the Arena
 64400 | Arena    | Killed the Enchantress
 64416 | Depths:2 | Received a gift from Okawaru
 64425 | Depths:2 | Identified the ring "Tamnol" {rPois rC+++ Will+ Str-5 SInv}
 64549 | Depths:2 | Found a one-way gateway to a ziggurat.
 64596 | Depths:2 | Identified the ring "Pustatro" {rF+ rC+ rN+ Str-3}
 64770 | Depths:2 | Found a one-way gate to the infinite horrors of the Abyss.
 64820 | Depths:2 | Noticed Bai Suzhen
 64826 | Depths:2 | Received a gift from Okawaru
 64831 | Arena    | Entered the Arena
 64849 | Arena    | Killed Bai Suzhen
 64992 | Depths:2 | Found a transporter.
 65078 | Depths:2 | Identified the ring of Leaves {EV+4 Dex+7}
 65371 | Depths:2 | Found a transporter.
 65549 | D:10     | You paid a toll of a +5 demon whip to enter a treasure
                  | trove
 65550 | Trove    | Entered a treasure trove
 65554 | Trove    | Identified the +3 barding "Peugif Bimp" {rElec Will+}
 65557 | Trove    | Identified the +1 hat "Tuwogo Case" {Will- rCorr Dex+3}
 65561 | Trove    | Identified the +0 scale mail "Emeom" {Regen+ Str+2 SInv}
 65563 | Trove    | Identified the +1 hat "Uskacs" {rElec rCorr}
 65566 | Trove    | Found the +10 Black Knight's barding {ponderous, rPois rN+}
 65568 | Trove    | Identified the +1 pair of gloves "Fikhoyr" {+Blink rElec
                  | rF+}
 65571 | Trove    | Identified the +2 cloak of the Stone Wall {MP-9 Str+2
                  | Int+3}
 65577 | Trove    | Identified the +1 barding "Foduth" {rF+ rN+ Str+3 Stlth+}
 65580 | Trove    | Identified the +9 crystal plate armour of Card Tricks
                  | {+Blink}
 65833 | Depths:3 | Noticed Frederick
 65957 | Depths:2 | Killed Frederick
 66087 | Depths:3 | Received a gift from Okawaru
 66217 | Depths:3 | Reached skill level 17 in Fighting
 66871 | Depths:3 | Found a snail-covered altar of Cheibriados.
 67265 | Depths:3 | Identified the ring of Sif Muna's Whim {rF+ Int+4 Dex+10}
 67388 | Depths:4 | Entered Level 4 of the Depths
 67481 | Depths:4 | Received a gift from Okawaru
 67718 | Depths:4 | Found Laotyokh's Jewellery Shop.
 68065 | Depths:4 | Reached XP level 25. HP: 219/238 MP: 7/31
 68947 | Depths:4 | Received a gift from Okawaru
 68952 | Depths:4 | Found a gate to the Realm of Zot.
 68992 | Depths:4 | Reached skill level 18 in Fighting
 69148 | Depths:4 | Identified the +1 scale mail of the Untouchables {Harm rN+}
 69211 | Depths:4 | Found Luaskol's Book Emporium.
 69212 | Depths:4 | Found Ezodghup's Jewellery Shop.
 69213 | Depths:4 | Found Wodimmy's Book Emporium.
 69878 | Depths:4 | Found Fafrinn's Magic Scroll Emporium.
 69882 | Depths:4 | Bought a scroll of teleportation for 69 gold pieces
 69882 | Depths:4 | Bought a scroll of enchant weapon for 172 gold pieces
 69882 | Depths:4 | Bought a scroll of fear for 92 gold pieces
 70173 | Depths:4 | Found an ornate altar of the Wu Jian Council.
 70669 | Slime:1  | Entered Level 1 of the Pits of Slime
 70675 | Slime:1  | Received a gift from Okawaru
 70692 | Slime:1  | Gained mutation: You do not regenerate when monsters are
                  | visible. [a shining eye]
 70864 | Slime:1  | You fall into a shaft and drop 1 floor!
 70899 | Slime:2  | Received a gift from Okawaru
 71330 | Slime:2  | Received a gift from Okawaru
 71715 | Slime:2  | Identified the +0 barding "Reorug" {Harm rN+ Will+ rCorr}
                  | (Okawaru gifted it to you on level 2 of the Pits of Slime)
 71715 | Slime:2  | Received a gift from Okawaru
 71982 | Slime:4  | Noticed Dissolution
 71995 | Slime:4  | Killed Dissolution
 72152 | Slime:5  | Entered Level 5 of the Pits of Slime
 72590 | Slime:5  | Noticed the Royal Jelly
 72609 | Slime:5  | Killed the Royal Jelly
 72813 | Slime:5  | Identified the ring "Toedian" {rPois Str-4 Slay+4 Stlth+}
 72854 | Slime:5  | Got a slimy rune of Zot
 72902 | Slime:5  | Identified the +6 glaive "Caerghava" {vorpal, MP+9}
 73368 | Vaults:5 | Entered Level 5 of the Vaults
 73389 | Vaults:5 | Reached skill level 19 in Fighting
 73389 | Vaults:5 | Reached skill level 5 in Dodging
 73392 | Vaults:5 | Reached XP level 26. HP: 246/252 MP: 21/32
 73392 | Vaults:5 | Received a gift from Okawaru
 73450 | Vaults:5 | Received a gift from Okawaru
 73948 | Vaults:5 | Identified the +7 war axe "Acvuopass" {vorpal, rPois Str+3
                  | Dex+4}
 74194 | Vaults:5 | Identified the +9 rapier of the Silent Majority {vorpal,
                  | rElec rC+ SInv}
 74467 | Vaults:5 | Noticed a dread lich
 74478 | Vaults:5 | Killed a dread lich
 74593 | Vaults:5 | Identified the amulet "Deloreon" {Reflect rC+ Int-2 Dex+3
                  | SH+5}
 74607 | Vaults:5 | Identified the amulet of the Lion {Reflect Rampage Str+6
                  | SH+5}
 74612 | Vaults:5 | Identified the ring "Hud Caj" {rC+ rN+ Str+7 Dex+3}
 74612 | Vaults:5 | Identified the amulet of Kedusicw {Spirit +Blink Int+3}
 74616 | Vaults:5 | Identified the +2 morningstar "Vereenie" {vorpal, Will+}
 74833 | Vaults:5 | Noticed a dread lich
 74849 | Vaults:5 | Killed a dread lich
 75036 | Vaults:5 | Identified the +3 ring mail of Liberty {Rampage *Corrode
                  | Str+5} (Okawaru gifted it to you on level 5 of the Vaults)
 75036 | Vaults:5 | Received a gift from Okawaru
 75126 | Vaults:5 | Reached skill level 20 in Fighting
 75460 | Vaults:5 | Got a silver rune of Zot
 75574 | Vaults:5 | Noticed a dread lich
 75584 | Vaults:5 | Killed a dread lich
 75684 | Vaults:5 | Noticed a dread lich
 75692 | Vaults:5 | Killed a dread lich
 76371 | Depths:4 | Bought a manual of Fighting for 1600 gold pieces
 76403 | Zot:1    | Entered Level 1 of the Realm of Zot
 77135 | Zot:1    | Identified the +5 scimitar of Ahaaq {vorpal, rC+ Str+3}
 77827 | Zot:2    | Noticed a dread lich
 77935 | Zig:1    | Entered Level 1 of a ziggurat
 77941 | Zig:1    | Reached XP level 27. HP: 236/263 MP: 32/32
 77984 | Zig:2    | Entered Level 2 of a ziggurat
 78015 | Zig:2    | Reached skill level 21 in Fighting
 78045 | Zig:3    | Entered Level 3 of a ziggurat
 78362 | Zig:3    | Identified the +0 hat of Sophism {rN+ rCorr}
 78368 | Zig:4    | Entered Level 4 of a ziggurat
 78424 | Zig:5    | Entered Level 5 of a ziggurat
 78534 | Zig:6    | Entered Level 6 of a ziggurat
 78549 | Zig:6    | Received a gift from Okawaru
 78590 | Zig:6    | Identified the +6 sling of Fate {freeze, Will++}
 78656 | Zig:7    | Entered Level 7 of a ziggurat
 78671 | Zig:7    | Reached skill level 22 in Fighting
 78701 | Zig:7    | Identified the ring "Bynenub" {rElec rC++ rCorr}
 78795 | Depths:4 | Received a gift from Okawaru
 78950 | Arena    | Entered the Arena
 79001 | Zot:2    | Killed a dread lich
 79001 | Zot:2    | Received a gift from Okawaru
 79767 | Zot:3    | Upgraded the game from 0.30-a0-394-g3e4acdb0ae to
                  | 0.30-a0-395-gfe72c296f8
 79909 | Zot:3    | Noticed an orb of fire
 79913 | Zot:3    | Gained mutation: You are frail. (-10% HP) [an orb of fire]
 79916 | Zot:3    | Gained mutation: You occasionally lose the ability to read
                  | scrolls when taking damage. [an orb of fire]
 79918 | Zot:3    | Killed an orb of fire
 79918 | Zot:3    | Received a gift from Okawaru
 79919 | Zot:3    | Reached skill level 23 in Fighting
 79919 | Zot:3    | Reached skill level 1 in Transmutations
 79940 | Zot:3    | Lost mutation: You occasionally lose the ability to read
                  | scrolls when taking damage. [potion of mutation]
 79940 | Zot:3    | Lost mutation: You are frail. (-10% HP) [potion of
                  | mutation]
 79940 | Zot:3    | Lost mutation: You do not regenerate when monsters are
                  | visible. [potion of mutation]
 79940 | Zot:3    | Gained mutation: Your mind is acute. (Int +4, Str/Dex -1)
                  | [potion of mutation]
 79940 | Zot:3    | Gained mutation: You are weak. (Str -2) [potion of
                  | mutation]
 79940 | Zot:3    | Gained mutation: You have large cloven feet. [potion of
                  | mutation]
 79940 | Zot:3    | Gained mutation: You do not regenerate when monsters are
                  | visible. [potion of mutation]
 79940 | Zot:3    | Gained mutation: A frigid envelope surrounds you and
                  | freezes all who hurt you. [potion of mutation]
 79940 | Zot:3    | Gained mutation: You have hidden genetic potential. [potion
                  | of mutation]
 80764 | Zot:3    | Identified the +6 rapier of Poijicsuray {vorpal, rF- rN+
                  | MP-9 Dex+7}
 81266 | Zot:4    | Noticed an orb of fire
 81274 | Zot:4    | Gained mutation: You are clumsy. (Dex -2) [an orb of fire]
 81276 | Zot:4    | Killed an orb of fire
 81302 | Zot:4    | Found a transporter.
 81703 | Zot:4    | Received a gift from Okawaru
 82012 | Zot:4    | Found a transporter.
 82559 | Zot:4    | Identified the +0 barding "Iddebihi" {Regen+} (Okawaru
                  | gifted it to you on level 4 of the Realm of Zot)
 82559 | Zot:4    | Received a gift from Okawaru
 82588 | Zot:4    | Noticed an ancient lich
 82596 | Zot:4    | Killed an ancient lich
 82674 | Zot:4    | Noticed an orb of fire
 82679 | Zot:4    | Gained mutation: You are vulnerable to cold. (rC-) [an orb
                  | of fire]
 82690 | Zot:4    | Killed an orb of fire
 82971 | Zot:4    | Identified the ring of Mejagas {Drain Will++ Str-2 Int+4
                  | Dex+6}
 82983 | Zot:4    | Identified the +5 ring mail of Grace {+Inv Int+2}
 82988 | Zot:4    | Identified the amulet of the Will of the Gods {RegenMP Fly
                  | SInv}
 83371 | Vaults:3 | Killed Defeg's ghost
 83425 | Vaults:3 | Killed an ancient lich
 83645 | Vaults:3 | Bought a scroll of immolation for 188 gold pieces
 83890 | Pan      | Entered Pandemonium
 84189 | Pan      | Reached skill level 5 in Transmutations
 84526 | Pan      | Identified the +1 glaive of the Lair of Beasts {freeze,
                  | Str+2 Dex-5 SInv}
 84836 | Pan      | Identified the +1 scale mail "Merghot" {Rampage *Slow
                  | Dex+3}
 84996 | Pan      | Reached skill level 24 in Fighting
 85020 | Arena    | Entered the Arena
 85046 | Pan      | Noticed a dread lich
 85062 | Pan      | Received a gift from Okawaru
 85068 | Pan      | Killed a dread lich
 85281 | Pan      | Found an opulent altar of Gozag.
 85282 | Pan      | Found Nooli's Superb Hardware.
 85293 | Pan      | Received a gift from Okawaru
 85554 | Pan      | Lost mutation: You are weak. (Str -2) [hidden potential]
 85662 | Pan      | Reached skill level 10 in Dodging
 85694 | Pan      | Found an opulent altar of Gozag.
 86048 | Pan      | Found Nooli's Fine Accessories.
 86049 | Pan      | Noticed a dread lich
 86058 | Pan      | Killed a dread lich
 86068 | Pan      | Noticed Pikhlues the pandemonium lord
 86088 | Pan      | Killed Pikhlues the pandemonium lord
 86172 | Pan      | Found an opulent altar of Gozag.
 86211 | Pan      | Found Nooli's Jewellery Shoppe.
 86228 | Pan      | Found Nooli's Demonic Rune Bin.
 86485 | Arena    | Entered the Arena
 87369 | Depths:1 | Escaped Pandemonium
 87459 | Pan      | Entered Pandemonium
 87467 | Pan      | Received a gift from Okawaru
 87498 | Pan      | Noticed Lukukecua the pandemonium lord
 87523 | Pan      | Entered the realm of Cerebov.
 87601 | Pan      | Received a gift from Okawaru
 87770 | Pan      | Learned a level 6 spell: Dispersal
 88081 | Pan      | Reached skill level 5 in Spellcasting
 88212 | Pan      | Found the +6 sword of Cerebov {flame}
 88212 | Pan      | Noticed Cerebov
 88253 | Arena    | Entered the Arena
 88261 | Arena    | Killed Cerebov
 88324 | Pan      | Identified the +1 cloak of the Trees {rN+ Int-2 SInv}
 88327 | Pan      | Identified the +1 leather armour "Ipsuleoge" {rN+ Int+4}
 88330 | Pan      | Identified the +0 plate armour of Pemel {rN+}
 88381 | Pan      | Identified the +5 mace of Darkness {vorpal, rF+ Will+ Str+4
                  | Int+3}
 88407 | Pan      | Identified the +5 arbalest of Eternal Night {penet, rElec
                  | Int+6 SInv}
 88408 | Pan      | Identified the +4 arbalest of a Thousand Lovers {drain,
                  | *Slow rC+ Dex+4}
 88411 | Pan      | Identified the +1 battleaxe of Defilement {pain, rC+ Will+}
 88428 | Pan      | Identified the +5 tower shield of Hairiness {rElec rF-
                  | Dex+2 Stlth+}
 88429 | Pan      | Identified the +6 rapier of the Boiling Point {venom, *Rage
                  | rCorr Dex+2 SInv}
 88430 | Pan      | Identified the amulet of Jegoqej {Faith rF+ rN+}
 88460 | Pan      | Got a fiery rune of Zot
 88553 | Arena    | Entered the Arena
 88677 | Pan      | Noticed Yfehyu the pandemonium lord
 88700 | Pan      | Killed Yfehyu the pandemonium lord
 88700 | Pan      | Received a gift from Okawaru
 88950 | Pan      | Got a demonic rune of Zot
 89022 | Depths:2 | Escaped Pandemonium
 89089 | Pan      | Entered Pandemonium
 89130 | Pan      | Received a gift from Okawaru
 89206 | Depths:2 | Escaped Pandemonium
 89208 | Pan      | Entered Pandemonium
 89208 | Pan      | Noticed Wesaq the pandemonium lord
 89346 | Pan      | Entered the realm of Gloorx Vloq.
 89646 | Pan      | Found an exit through the horrors of the Abyss.
 89814 | Pan      | Lost mutation: You are vulnerable to cold. (rC-) [potion of
                  | mutation]
 89814 | Pan      | Lost mutation: You do not regenerate when monsters are
                  | visible. [potion of mutation]
 89814 | Pan      | Lost mutation: You have large cloven feet. [potion of
                  | mutation]
 89814 | Pan      | Lost mutation: Your mind is acute. (Int +4, Str/Dex -1)
                  | [potion of mutation]
 89814 | Pan      | Lost mutation: You have hidden genetic potential. [potion
                  | of mutation]
 89814 | Pan      | Lost mutation: A frigid envelope surrounds you and freezes
                  | all who hurt you. [potion of mutation]
 89814 | Pan      | Gained mutation: Your body sometimes deteriorates upon
                  | taking damage. [potion of mutation]
 89814 | Pan      | Gained mutation: You are weak. (Str -2) [potion of
                  | mutation]
 89814 | Pan      | Gained mutation: Your tail ends in a venomous barb. [potion
                  | of mutation]
 89814 | Pan      | Gained mutation: You have a pair of small horns on your
                  | head. [potion of mutation]
 89877 | Pan      | Received a gift from Okawaru
 90072 | Pan      | Noticed Gloorx Vloq
 90097 | Pan      | Killed Gloorx Vloq
 90391 | Pan      | Got a dark rune of Zot
 90501 | Pan      | Entered the realm of Lom Lobon.
 90724 | Pan      | Found an exit through the horrors of the Abyss.
 91111 | Pan      | Noticed Lom Lobon
 91149 | Pan      | Killed Lom Lobon
 91224 | Pan      | Got a magical rune of Zot
 91341 | Pan      | Identified the +8 long sword of Oxaruomo {vorpal, rF+ rC+
                  | rN+ Dex-2}
 91605 | Pan      | Noticed Efeman the pandemonium lord
 91611 | Arena    | Entered the Arena
 91791 | Pan      | Entered the realm of Mnoleg.
 91830 | Pan      | Noticed Mnoleg
 91848 | Pan      | Gained mutation: You sometimes lose your temper in combat.
                  | [a neqoxec]
 91862 | Pan      | Reached skill level 25 in Fighting
 91877 | Pan      | Gained mutation: Your body often deteriorates upon taking
                  | damage. [a cacodemon]
 91885 | Arena    | Entered the Arena
 91908 | Arena    | Killed Mnoleg
 91941 | Pan      | Gained mutation: Potions are less effective at restoring
                  | your health. [a neqoxec]
 91966 | Pan      | Identified the ring of Brilliance {MP+9 Int+3 Dex+2 SInv}
 91988 | Pan      | Gained mutation: Your spells are a little easier to cast,
                  | but a little less powerful. [a cacodemon]
 91992 | Pan      | Gained mutation: You are very clumsy. (Dex -4) [a neqoxec]
 91997 | Pan      | Gained mutation: You are very weak. (Str -4) [a neqoxec]
 91998 | Pan      | Gained mutation: You have hidden genetic defects. [a
                  | neqoxec]
 92034 | Pan      | Got a glowing rune of Zot
 92120 | Pan      | Found an exit through the horrors of the Abyss.
 92131 | Pan      | Lost mutation: You have a pair of small horns on your head.
                  | [potion of mutation]
 92131 | Pan      | Lost mutation: You are very weak. (Str -4) [potion of
                  | mutation]
 92131 | Pan      | Lost mutation: You are very clumsy. (Dex -4) [potion of
                  | mutation]
 92131 | Pan      | Lost mutation: Potions are less effective at restoring your
                  | health. [potion of mutation]
 92131 | Pan      | Lost mutation: You sometimes lose your temper in combat.
                  | [potion of mutation]
 92131 | Pan      | Gained mutation: You have large cloven feet. [potion of
                  | mutation]
 92132 | Pan      | Lost mutation: You have large cloven feet. [potion of
                  | mutation]
 92132 | Pan      | Lost mutation: Your body often deteriorates upon taking
                  | damage. [potion of mutation]
 92132 | Pan      | Lost mutation: Your tail ends in a venomous barb. [potion
                  | of mutation]
 92132 | Pan      | Lost mutation: You are clumsy. (Dex -2) [potion of
                  | mutation]
 92132 | Pan      | Lost mutation: You have hidden genetic defects. [potion of
                  | mutation]
 92132 | Pan      | Lost mutation: Your body sometimes deteriorates upon taking
                  | damage. [potion of mutation]
 92132 | Pan      | Gained mutation: Your magical capacity is low. (-10% MP)
                  | [potion of mutation]
 92132 | Pan      | Gained mutation: You expend magic power (3 MP) to
                  | strengthen your wands. [potion of mutation]
 92132 | Pan      | Gained mutation: You are partially covered in large bone
                  | plates. (SH +4) [potion of mutation]
 92132 | Pan      | Gained mutation: You sometimes lose your temper in combat.
                  | [potion of mutation]
 92132 | Pan      | Lost mutation: You are weak. (Str -2) [potion of mutation]
 92132 | Pan      | Lost mutation: Your magical capacity is low. (-10% MP)
                  | [potion of mutation]
 92132 | Pan      | Gained mutation: Your mind is acute. (Int +4, Str/Dex -1)
                  | [potion of mutation]
 92133 | Pan      | Lost mutation: Your mind is acute. (Int +4, Str/Dex -1)
                  | [potion of mutation]
 92133 | Pan      | Lost mutation: Your spells are a little easier to cast, but
                  | a little less powerful. [potion of mutation]
 92133 | Pan      | Lost mutation: You expend magic power (3 MP) to strengthen
                  | your wands. [potion of mutation]
 92133 | Pan      | Lost mutation: You are partially covered in large bone
                  | plates. (SH +4) [potion of mutation]
 92133 | Pan      | Lost mutation: You sometimes lose your temper in combat.
                  | [potion of mutation]
 92133 | Pan      | Gained mutation: You are dopey. (Int -2) [potion of
                  | mutation]
 92133 | Pan      | Gained mutation: Your system is resistant to poisons.
                  | (rPois) [potion of mutation]
 92133 | Pan      | Gained mutation: You are strong-willed. (Will+) [potion of
                  | mutation]
 92133 | Pan      | Gained mutation: You are vulnerable to cold. (rC-) [potion
                  | of mutation]
 92133 | Pan      | Gained mutation: You are frail. (-10% HP) [potion of
                  | mutation]
 92133 | Pan      | Lost mutation: You are vulnerable to cold. (rC-) [potion of
                  | mutation]
 92133 | Pan      | Gained mutation: Your skin changes colour to match your
                  | surroundings (Stealth+). [potion of mutation]
 92134 | Pan      | Lost mutation: You are strong-willed. (Will+) [potion of
                  | mutation]
 92134 | Pan      | Lost mutation: Your skin changes colour to match your
                  | surroundings (Stealth+). [potion of mutation]
 92134 | Pan      | Lost mutation: Your system is resistant to poisons. (rPois)
                  | [potion of mutation]
 92134 | Pan      | Lost mutation: You are dopey. (Int -2) [potion of mutation]
 92134 | Pan      | Lost mutation: You are frail. (-10% HP) [potion of
                  | mutation]
 92134 | Pan      | Gained mutation: Your flesh is cold resistant. (rC+)
                  | [potion of mutation]
 92134 | Pan      | Gained mutation: You are frail. (-10% HP) [potion of
                  | mutation]
 92134 | Pan      | Gained mutation: You passively map a small area around you.
                  | [potion of mutation]
 92134 | Pan      | Gained mutation: You have sharp toenails. [potion of
                  | mutation]
 92134 | Pan      | Gained mutation: You are partially covered in iridescent
                  | scales. (AC +2) [potion of mutation]
 92134 | Pan      | Lost mutation: You are frail. (-10% HP) [potion of
                  | mutation]
 92147 | Pan      | Took an exit into the Abyss.
 92147 | Abyss:1  | Escaped into the Abyss
 92533 | Abyss:1  | Reached skill level 15 in Invocations
 92586 | Abyss:1  | Found an ancient bone altar of Kikubaaqudgha.
 92602 | Abyss:1  | Received a gift from Okawaru
 92681 | Abyss:1  | Found a corrupted altar of Lugonu.
 92976 | Abyss:1  | Received a gift from Okawaru
 92989 | Depths:2 | Escaped the Abyss
 93031 | Depths:2 | Voluntarily entered the Abyss.
 93092 | Abyss:1  | Found a corrupted altar of Lugonu.
 93355 | Abyss:3  | Found a corrupted altar of Lugonu.
 93510 | Abyss:4  | Found a corrupted altar of Lugonu.
 93896 | Abyss:4  | Noticed an ancient lich
 93915 | Abyss:4  | Killed an ancient lich
 93941 | Depths:2 | Escaped the Abyss
 93969 | Depths:2 | Voluntarily entered the Abyss.
 94059 | Abyss:4  | Found a corrupted altar of Lugonu.
 94081 | Abyss:4  | Got an abyssal rune of Zot
 94089 | Depths:2 | Escaped the Abyss
 94218 | Zot:5    | Entered Level 5 of the Realm of Zot
 94337 | Zot:5    | Found a runed translucent door.
 94337 | Zot:5    | Noticed Aqq's ghost (veteran MiFi)
 94549 | Zot:5    | Noticed an ancient lich
 94555 | Zot:5    | Killed an ancient lich
 94607 | Zot:5    | Noticed an ancient lich
 94621 | Zot:5    | Killed an ancient lich
 94639 | Zot:5    | Noticed an orb of fire
 94639 | Zot:5    | Gained mutation: Your body sometimes deteriorates upon
                  | taking damage. [an orb of fire]
 94641 | Zot:5    | Gained mutation: You are clumsy. (Dex -2) [an orb of fire]
 94642 | Zot:5    | Noticed a dread lich
 94644 | Zot:5    | Killed an orb of fire
 94653 | Zot:5    | Paralysed by a dread lich for 3 turns
 94656 | Zot:5    | Noticed an orb of fire
 94657 | Zot:5    | Killed a dread lich
 94657 | Zot:5    | Identified the +7 tower shield of the Morning Star {rN+}
                  | (Okawaru gifted it to you on level 5 of the Realm of Zot)
 94657 | Zot:5    | Received a gift from Okawaru
 94658 | Zot:5    | Killed an orb of fire
 94659 | Zot:5    | Noticed an orb of fire
 94660 | Zot:5    | Noticed an orb of fire
 94664 | Zot:5    | Killed an orb of fire
 94669 | Zot:5    | Killed an orb of fire
 94672 | Zot:5    | Noticed an orb of fire
 94673 | Zot:5    | Gained mutation: You are dopey. (Int -2) [an orb of fire]
 94677 | Zot:5    | Gained mutation: You occasionally shout uncontrollably at
                  | your foes. [an orb of fire]
 94679 | Zot:5    | Gained mutation: Your magical capacity is low. (-10% MP)
                  | [an orb of fire]
 94683 | Zot:5    | Killed an orb of fire
 94710 | Zot:5    | Lost mutation: Your flesh is cold resistant. (rC+) [potion
                  | of mutation]
 94710 | Zot:5    | Lost mutation: You are dopey. (Int -2) [potion of mutation]
 94710 | Zot:5    | Lost mutation: You are clumsy. (Dex -2) [potion of
                  | mutation]
 94710 | Zot:5    | Lost mutation: You have sharp toenails. [potion of
                  | mutation]
 94710 | Zot:5    | Lost mutation: You are partially covered in iridescent
                  | scales. (AC +2) [potion of mutation]
 94710 | Zot:5    | Gained mutation: You are weak. (Str -2) [potion of
                  | mutation]
 94710 | Zot:5    | Gained mutation: You are partially covered in iridescent
                  | scales. (AC +2) [potion of mutation]
 94711 | Zot:5    | Lost mutation: You are weak. (Str -2) [potion of mutation]
 94711 | Zot:5    | Lost mutation: You are partially covered in iridescent
                  | scales. (AC +2) [potion of mutation]
 94711 | Zot:5    | Lost mutation: Your magical capacity is low. (-10% MP)
                  | [potion of mutation]
 94711 | Zot:5    | Lost mutation: You passively map a small area around you.
                  | [potion of mutation]
 94711 | Zot:5    | Lost mutation: Your body sometimes deteriorates upon taking
                  | damage. [potion of mutation]
 94711 | Zot:5    | Lost mutation: You occasionally shout uncontrollably at
                  | your foes. [potion of mutation]
 94711 | Zot:5    | Gained mutation: You are agile. (Dex +4, Str/Int -1)
                  | [potion of mutation]
 94711 | Zot:5    | Gained mutation: You are dopey. (Int -2) [potion of
                  | mutation]
 94711 | Zot:5    | Gained mutation: You occasionally lose the ability to drink
                  | potions when taking damage. [potion of mutation]
 94711 | Zot:5    | Lost mutation: You are agile. (Dex +4, Str/Int -1) [potion
                  | of mutation]
 94711 | Zot:5    | Gained mutation: You have sharp toenails. [potion of
                  | mutation]
 94711 | Zot:5    | Gained mutation: You are frail. (-10% HP) [potion of
                  | mutation]
 94711 | Zot:5    | Gained mutation: Your flesh is cold resistant. (rC+)
                  | [potion of mutation]
 94712 | Zot:5    | Lost mutation: Your flesh is cold resistant. (rC+) [potion
                  | of mutation]
 94712 | Zot:5    | Lost mutation: You are frail. (-10% HP) [potion of
                  | mutation]
 94712 | Zot:5    | Lost mutation: You occasionally lose the ability to drink
                  | potions when taking damage. [potion of mutation]
 94712 | Zot:5    | Lost mutation: You have sharp toenails. [potion of
                  | mutation]
 94712 | Zot:5    | Lost mutation: You are dopey. (Int -2) [potion of mutation]
 94712 | Zot:5    | Gained mutation: You have very sharp teeth. [potion of
                  | mutation]
 94712 | Zot:5    | Gained mutation: You sometimes lose your temper in combat.
                  | [potion of mutation]
 94712 | Zot:5    | Gained mutation: Your tail ends in a venomous barb. [potion
                  | of mutation]
 94713 | Zot:5    | Lost mutation: You sometimes lose your temper in combat.
                  | [potion of mutation]
 94713 | Zot:5    | Lost mutation: You have very sharp teeth. [potion of
                  | mutation]
 94713 | Zot:5    | Lost mutation: Your tail ends in a venomous barb. [potion
                  | of mutation]
 94713 | Zot:5    | Gained mutation: Your body sometimes deteriorates upon
                  | taking damage. [potion of mutation]
 94713 | Zot:5    | Gained mutation: You possess an exceptional clarity of
                  | mind. [potion of mutation]
 94713 | Zot:5    | Gained mutation: Your tail ends in a venomous barb. [potion
                  | of mutation]
 94713 | Zot:5    | Gained mutation: You have hidden genetic potential. [potion
                  | of mutation]
 94713 | Zot:5    | Gained mutation: You are dopey. (Int -2) [potion of
                  | mutation]
 94713 | Zot:5    | Gained mutation: Your tail ends in a sharp venomous barb.
                  | [potion of mutation]
 94834 | Zot:5    | Noticed an orb of fire
 94842 | Zot:5    | Killed an orb of fire
 94847 | Zot:5    | Noticed an orb of fire
 94849 | Zot:5    | Lost mutation: You possess an exceptional clarity of mind.
                  | [an orb of fire]
 94851 | Zot:5    | Killed an orb of fire
 94852 | Zot:5    | Reached skill level 26 in Fighting
 94995 | Zot:5    | Noticed an orb of fire
 94998 | Zot:5    | Killed an orb of fire
 95054 | Zot:5    | Got the Orb of Zot
 95265 | D:15     | Noticed a seraph
 95323 | D:14     | Noticed Poel the pandemonium lord
 95378 | D:12     | Noticed Mety the pandemonium lord
 95386 | D:12     | Killed Mety the pandemonium lord
 95425 | D:12     | Noticed Cibum the pandemonium lord
 95521 | D:8      | Noticed Widat the pandemonium lord
 95533 | D:8      | Killed Widat the pandemonium lord
 95732 | D:1      | Received a gift from Okawaru
 95764 | D:$      | Escaped with the Orb!

Illustrated notes

Levels and vault maps discovered:
D:1:      dpeg_arrival_fog, layout_rooms, minmay_tripent
D:2:      layout_basic, minmay_statues_item
D:3:      layout_basic, minmay_door_square
D:4:      cheibrodos_thug_alley, layout_cave_pools, grunt_ministairs_4,
          minmay_misc_feat_room
D:5:      layout_loops_ring, okawaru_ov_weapons_minmay,
          biasface_ghost_orc_armoury, minmay_shop_damaged,
          minmay_fractal_squares_5
D:6:      layout_cave_pods, uniq_edmund, uniq_grinder, uniq_maggie
D:7:      layout_layer_cave, temple_fountains, uniq_pikel
D:8:      minmay_statue_hallways, layout_loops_ring
D:9:      layout_roguey, serial_shops, shop, nicolae_diode_stairs, uniq_erica
D:10:     layout_basic, erik_lair_island, serial_demonic, serial_demonic_g,
          serial_demonic_a, serial_demonic_b, serial_demonic_a,
          nicolae_trove_entry_crossroad
D:11:     layout_gridville, david_orc_4, serial_shops, shop, nicolae_shop_stone,
          nicolae_shop_hallway_plus, nicolae_shop_statue_plus,
          ebering_ghost_xom, hangedman_decor_opposing
D:12:     layout_basic, minmay_strange_pillars, uniq_fannar, uniq_josephine
D:13:     layout_long_grid, lightli_vaults_fourway_checkpoint, serial_shops,
          nicolae_shop_advertising_works [nicolae_subvault_shop_adworks],
          uniq_urug, uniq_nessos, uniq_frances
D:14:     nicolae_cairo_tiling_large, layout_small_grid, basic_altar,
          serial_shops, shop, portal_ice_cave_entry_ice_statue_one,
          nicolae_ru_sacrificial_ziggurat
D:15:     gammafunk_depths_entry_grave, layout_rooms,
          gammafunk_ghost_wrathful_warriors, gauntlet_entry_generic,
          glass_columns_a, chequers_serial_rivers_small_3, grunt_ministairs_15,
          uniq_jorgrun
Lair:1:   layout_regular_city
Lair:2:   layout_layer_cave, spider_nest_entry_rubble,
          chequers_serial_rivers_micro_e, grunt_megastairs_2,
          infiniplex_staircase_pool
Lair:3:   layout_big_grid, palyth_hydra_swamp_entry
Lair:4:   layout_regular_city, minmay_slime_entry_oklob_open,
          serial_bayou_pond_b
Lair:5:   evilmike_catoblepas_cave, layout_loops_ring, uniq_kirke
Swamp:1:  cheibrodos_swamp_tower_of_moss, layout_falls_marsh,
          hangedman_swamp_ruin_wall, grunt_ruined_hall
Swamp:2:  layout_falls_marsh, nicolae_swamp_stair_fork, swamp_pool5
Swamp:3:  layout_basic_swamp, nicolae_swamp_ascending_descending, swamp_pool5
Swamp:4:  swamp_basic_johnstein, layout_basic_swamp,
          ebering_ghost_disaster_area, swamp_pool1
Spider:1: layout_spider_delve
Spider:2: layout_spider_delve, nicolae_spider_swamp_cousins, uniq_arachne,
          uniq_aizul
Spider:3: layout_spider_delve, gammafunk_ghost_tricky_traps,
          hellmonk_spider_spawner
Spider:4: floodkiller_spider_rune_tomb
Slime:1:  cheibrodos_slime_lost_civilization_2, layout_caves
Slime:2:  layout_caves
Slime:3:  layout_caves, special_room [special_room_jelly]
Slime:4:  layout_caves, uniq_dissolution
Slime:5
Orc:1:    layout_caves
Orc:2:    st_orc_town, layout_caves, ebering_ghost_xom
Elf:1:    nicolae_elf_arrival_aired_out, layout_rooms, minmay_elf_sorcery
Elf:2:    elven_hall_of_blades_hangedman_alternative
          [nicolae_blade_entry_floor_patterns], layout_loops_cross,
          serial_shops, shop
Elf:3:    minmay_elf_hall_curves, layout_loops_corners, serial_shops,
          nicolae_square_shop, uniq_roxanne
Vaults:1: vaults_standard_mumra_enter_the_diamond, v_misc_33,
          vaults_mumra_hexcomb, hangedman_vaults_cutoff,
          layout_vaults_chaotic_city
Vaults:2: vaults_room_hangedman_quadrants, v_rooms_3,
          nicolae_vaults_border_crossing,
          vaults_standard_mumra_enter_the_diamond, grunt_vaults_diagonal,
          vaults_mumra_minichess_inversion, v_rooms_6, vaults_room_door_ring,
          v_misc_24, v_pattern_2, grunt_vaults_bifocal, layout_vaults_ring
Vaults:3: ebering_ghost_gozag, blue_anna_dwarven_crypt,
          hangedman_vaults_river_flow, nicolae_vaults_triangles, v_misc_10,
          v_misc_9, ontoclasm_vaults_gateway, st_cross,
          nicolae_vaults_three_branches, dpeg_vaults_monster_box,
          layout_vaults_omnigrid, serial_shops, nicolae_shop_trees
Vaults:4: nicolae_vaults_big_angled_halls, hangedman_vaults_snaps,
          vaults_room_boxed, nicolae_vaults_big_ls, vaults_room_pools,
          vaults_mumra_chevron_long, v_rooms_4, v_misc_10,
          hangedman_vaults_stream, ontoclasm_vaults_twist,
          ontoclasm_vaults_gallery, vaults_mumra_chevron, v_misc_24,
          nicolae_vaults_little_squares_5, vaults_room_pool, layout_vaults_maze,
          serial_shops, bzr_entry_water
Vaults:5
Crypt:1:  dreamdust_cat_pyramid, layout_catacombs, grunt_megastairs_1,
          uniq_sojobo
Crypt:2:  layout_gridlike, grunt_ministairs_2
Crypt:3:  church_of_pain_bobbens, layout_chaotic_city, tomb_entry_shell_bobbens,
          uniq_zenata, uniq_grunn
Depths:1: layout_roguey, rand_demon_pan_entry_4, hell_entry,
          kennysheep_cluttered_room, tgw_xom
Depths:2: hangedman_spin_cycle, hell_entry, pan_entry, abyss_entry,
          uniq_enchantress, uniq_nikola, uniq_josephina, uniq_mara,
          uniq_saint_roka, uniq_bai_suzhen
Depths:3: minmay_the_grid_net [minmay_the_grid_dragon_b,
          minmay_the_grid_armoury, minmay_the_grid_fan,
          minmay_the_grid_small_cups, minmay_the_grid_odd_star,
          minmay_the_grid_prize_trominoes], layout_cave_pools,
          cheibriados_altar_1, abyss_entry, hellmouth_1, uniq_frederick
Depths:4: grunt_crosshair, layout_basic, grunt_hell_horde,
          grunt_pan_entry_in_and_out, nzn_wu_jian_contemplation,
          marbit_kobold_abyss_entry, serial_shops, nicolae_shop_trees, shop,
          minmay_shop_grove
Zot:1:    kennysheep_oblong_rooms, layout_gridlike
Zot:2:    ebering_klown_carousel, layout_cellular_growth
Zot:3:    layout_gridlike
Zot:4:    gammafunk_dig_for_victory, layout_basic, grunt_ministairs_8
Zot:5:    layout_gridlike, gammafunk_ghost_grave

Skill      XL: |  1  2  3  4  5  6  7  8  9 10 11 12 13 14 15 16 17 18 19 20 21 22 23 24 25 26 27 |
---------------+----------------------------------------------------------------------------------+-----
Maces & Flails | 3 4 5 6 8 9 11 12 13 14 15 16 17 19 20 21 22 | 22.4
Conjurations   | 3 |  3.3
Fighting       | 2 3 4 6 7 8 10 11 12 13 14 15 17 19 20 26 | 26.1
Translocations | 1 2 3 4 5 6 7 8 10 12 14 16 19 | 19.2
Shields        | 3 4 6 10 14 16 18 19 21 23 | 23.3
Invocations    | 2 4 6 7 8 9 10 11 12 13 16 | 16.1
Spellcasting   | 2 3 8 |  8.7
Air Magic      | 2 3 |  3.3
Throwing       | 2 4 6 9 10 11 12 13 15 17 18 19 22 | 22.0
Armour         | 2 5 7 9 11 13 14 16 18 19 20 22 23 | 23.3
Dodging        | 3 5 7 12 | 12.0
Transmutations | 6 |  6.6

Action                   |  1- 3 |  4- 6 |  7- 9 | 10-12 | 13-15 | 16-18 | 19-21 | 22-24 | 25-27 || total
-------------------------+-------+-------+-------+-------+-------+-------+-------+-------+-------++-------
Melee: Mace              |   153 |   205 |   130 |       |       |       |       |       |       ||   488
       Tailslap          |    13 |    17 |    40 |   141 |   350 |   150 |   307 |   458 |   802 ||  2278
       Punch             |     1 |       |       |       |       |       |       |       |       ||     1
       Whip              |       |       |   192 |   903 |       |       |       |       |       ||  1095
       Demon whip        |       |       |       |   115 |  1381 |    61 |    13 |       |    83 ||  1653
       Morningstar       |       |       |       |       |   282 |   854 |   153 |       |       ||  1289
       Eveningstar       |       |       |       |       |       |    14 |  1617 |  2367 |  3546 ||  7544
       Kick              |       |       |       |       |       |       |       |       |   519 ||   519
       Headbutt          |       |       |       |       |       |       |       |       |    92 ||    92
Throw: Boomerang         |       |     3 |     6 |    64 |    63 |    11 |   287 |   163 |   244 ||   841
       Dart              |       |     3 |    13 |    18 |    18 |       |       |       |       ||    52
       Stone             |       |       |       |     5 |    96 |       |       |       |       ||   101
       Javelin           |       |       |       |       |     6 |     5 |    16 |    62 |   308 ||   397
       Throwing net      |       |       |       |       |     3 |     1 |       |     1 |     3 ||     8
 Cast: Kiss of Death     |       |     2 |     4 |     3 |       |       |       |       |       ||     9
       Momentum Strike   |       |     6 |    33 |    41 |     9 |       |       |       |       ||    89
       Gell's Gravitas   |       |       |       |     3 |     3 |       |       |       |     2 ||     8
       Vhi's Electric Ch |       |       |       |       |     1 |       |       |       |       ||     1
       Apportation       |       |       |       |       |    12 |     1 |    28 |    22 |   150 ||   213
       Lesser Beckoning  |       |       |       |       |     4 |     4 |    44 |    49 |   141 ||   242
       Manifold Assault  |       |       |       |       |       |   118 |   223 |   308 |   439 ||  1088
       Blink             |       |       |       |       |       |       |     4 |     6 |     2 ||    12
       Wereblood         |       |       |       |       |       |       |       |       |     3 ||     3
       Dispersal         |       |       |       |       |       |       |       |       |     1 ||     1
Invok: Heroism           |       |       |     2 |    15 |    22 |    15 |    22 |    19 |    32 ||   127
       Finesse           |       |       |       |     1 |     2 |     2 |       |       |     3 ||     8
       Duel              |       |       |       |       |       |     1 |     1 |     5 |     7 ||    14
Evoke: Wand              |       |     6 |    15 |    39 |    11 |     2 |    11 |     5 |    24 ||   113
       Condenser vane    |       |       |       |       |       |       |       |     5 |     3 ||     8
       Phial of floods   |       |       |       |       |       |       |       |       |     1 ||     1
       Tin of tremorston |       |       |       |       |       |       |       |       |     2 ||     2
  Use: Scroll            |     2 |       |     7 |     7 |    13 |     8 |    22 |    11 |    47 ||   117
       Potion            |       |       |    14 |     3 |     2 |     5 |    11 |     8 |    57 ||   100
 Stab: Petrified         |       |       |       |     3 |       |       |       |       |       ||     3
       Petrifying        |       |       |       |     1 |       |       |       |       |       ||     1
       Held in net/web   |       |       |       |       |     2 |     1 |       |     1 |       ||     4
       Distracted        |       |       |       |       |       |     2 |       |       |    34 ||    36
       Confused          |       |       |       |       |       |       |     1 |     6 |       ||     7
       Invisible         |       |       |       |       |       |       |     1 |     5 |     2 ||     8
Armor: Leather armour    |    52 |    84 |    86 |       |       |       |       |       |       ||   222
       Steam dragon scal |       |       |    10 |    30 |       |       |       |       |       ||    40
       Skin              |       |       |       |     8 |       |       |       |       |       ||     8
       Robe              |       |       |       |    50 |   162 |   299 |   122 |       |       ||   633
       Troll leather arm |       |       |       |   152 |   216 |       |       |       |       ||   368
       Plate armour      |       |       |       |       |       |       |   295 |   636 |  1017 ||  1948
Dodge: Dodged            |    73 |   101 |   133 |   173 |   318 |   182 |   139 |   161 |   411 ||  1691
Block: Buckler           |    15 |    17 |   124 |   323 |   478 |   203 |       |       |       ||  1160
       Reflection        |       |       |     1 |     1 |    12 |     3 |    99 |    25 |    56 ||   197
       Tower shield      |       |       |       |       |       |   531 |  1299 |  1682 |  3032 ||  6544

Table legend: (Time is in decaauts)
 A = Elapsed time spent in this place.
 B = Non-inter-level travel time spent in this place.
 C = Inter-level travel time spent in this place.
 D = Time resting spent in this place.
 E = Time spent auto-exploring this place.
 F = Levels seen in this place.
 G = Mean time per level.
                   A        B        C        D        E       F      G
               +--------+--------+--------+--------+--------+-----+--------+
         Total |  94188 |  87000 |   7188 |  20156 |  29998 | 103 |  914.4 |
       Dungeon |  21929 |  18842 |   3087 |   3960 |   8222 |  15 | 1461.9 |
          Lair |   6607 |   5914 |    693 |    492 |   2958 |   5 | 1321.4 |
         Swamp |   4864 |   4670 |    194 |   1500 |   1720 |   4 | 1216.0 |
   Spider Nest |   8220 |   7882 |    338 |   2594 |   2852 |   4 | 2055.0 |
    Slime Pits |   2366 |   2278 |     88 |   1057 |      0 |   5 |  473.2 |
  Orcish Mines |   1892 |   1557 |    335 |      0 |    655 |   2 |  946.0 |
   Elven Halls |   4832 |   4609 |    223 |   1257 |   1738 |   3 | 1610.7 |
        Vaults |  10660 |   9752 |    908 |   2283 |   3259 |   5 | 2132.0 |
         Crypt |   5281 |   5093 |    188 |    836 |   2075 |   3 | 1760.3 |
        Depths |   8475 |   7751 |    724 |   2231 |   2322 |   4 | 2118.8 |
           Zot |   6854 |   6448 |    406 |   1292 |   2134 |   5 | 1370.8 |
         Abyss |   1897 |   1897 |      0 |     10 |    546 |   6 |  316.2 |
   Pandemonium |   8007 |   8007 |      0 |   1857 |   1513 |  17 |  471.0 |
      Ziggurat |    780 |    780 |      0 |    481 |      0 |   7 |  111.4 |
        Bazaar |    152 |    152 |      0 |      0 |      0 |   1 |  152.0 |
         Trove |     69 |     69 |      0 |      0 |      0 |   1 |   69.0 |
      Ice Cave |    671 |    671 |      0 |    246 |      0 |   1 |  671.0 |
      Gauntlet |    310 |    310 |      0 |      0 |      0 |   1 |  310.0 |
         Arena |    314 |    314 |      0 |     55 |      0 |  14 |   22.4 |
               +--------+--------+--------+--------+--------+-----+--------+

Top non-repeatable levels by time:
Spider:3: 3160 daAuts
Depths:4: 3004 daAuts
Vaults:5: 2707 daAuts
Spider:4: 2464 daAuts
Vaults:3: 2444 daAuts
Depths:2: 2323 daAuts
    D:10: 2292 daAuts
 Crypt:3: 2225 daAuts
   Elf:2: 2199 daAuts
Vaults:4: 1946 daAuts
    D:11: 1930 daAuts
     D:7: 1858 daAuts
   Zot:4: 1854 daAuts
     D:9: 1835 daAuts
Vaults:2: 1784 daAuts
